 Dungeon Crawl Stone Soup version 0.31-a0-174-g85c54bcb58 (webtiles) character file.

Game seed: 5781861666306748035

307895 qw the Peltast (level 21, -6/144 HPs)
             Began as a Gargoyle Fighter on June 15, 2023.
             Was the Champion of Okawaru.
             Mangled by a naga mage
             ... wielding a +0 halberd
              (10 damage)
             ... on level 4 of the Snake Pit.
             The game lasted 00:29:03 (36919 turns).

qw the Peltast (Gargoyle Fighter)                  Turns: 36919, Time: 00:29:04

Health: -6/144     AC: 54    Str: 33    XL:     21   Next: 56%
Magic:  27/28      EV: 18    Int: 10    God:    Okawaru [******]
Gold:   1179       SH: 24    Dex: 15    Spells: 20/20 levels left

rFire   + . .        t - +1 broad axe "Erchoc" {vamp, Str+2 Dex+3}
rCold   + + .        h - +0 tower shield {AC+3}
rNeg    + + .        n - +7 chain mail of Wisdom {rF+ Regen+ rCorr Str-2}
rPois   inf          w - +3 helmet "Fuasesokh" {Drain +Inv rN+ Dex+3}
rElec   +            c - +2 cloak
rCorr   +            I - +0 pair of gloves {Str+3}
SInv    +            a - +0 pair of boots "Ometucs" {Regen+}
Will    +....        F - amulet of faith Stlth
                     Y - +5 ring of evasion
HPRegen 2.04/turn    H - ring "Tuogriekag" {*Slow rC++ rCorr SInv}
MPRegen 0.21/turn

%: slow self (1%), faith
@: about to teleport, heroic, weakened, flying, slowed, constricted, very slow
A: sickness immunity, AC +16, big wings, negative energy resistance 1,
electricity resistance, torment resistance 1, petrification resistance
}: 1/15 runes: decaying
a: Renounce Religion, Evoke Invisibility, Heroism, Finesse, Duel


You were on level 4 of the Snake Pit.
You worshipped Okawaru.
Okawaru was exalted by your worship.
You visited 6 branches of the dungeon, and saw 34 of its levels.
You visited the Abyss 1 time.
You also visited: Ossuary and Gauntlet.

You collected 3783 gold pieces.
You spent 2604 gold pieces at shops.


Innate Abilities, Weirdness & Mutations

You are immune to sickness and miasma.
Your stone body is resilient. (AC +16)
You are immune to poison.
Your large and strong wings let you fly.
You resist negative energy. (rN+)
You are resistant to electric shocks. (rElec)
You are resistant to unholy torment.
You are immune to petrification.


   Skills:
 - Level 19.0(24.0) Fighting
 - Level 18.0(23.0) Axes
 - Level 11.0(16.0) Throwing
 - Level 16.1(21.1) Armour
 + Level 8.0(13.0) Dodging
 - Level 20.3(25.3) Shields
 - Level 10.0 Invocations


You had 20 spell levels left.
You didn't know any spells.
Your spell library was empty.

Inventory:

Hand Weapons
 t - the +1 broad axe "Erchoc" (weapon) {vamp, Str+2 Dex+3}
   (Okawaru gifted it to you on level 2 of the Snake Pit)

   Str:       It affects your strength (+2).
   Dex:       It affects your dexterity (+3).
 D - a +7 broad axe of flaming
 E - a +3 vampiric broad axe
Missiles
 u - 25 boomerangs
 x - 6 javelins
 G - 2 silver javelins (quivered)
Armour
 a - the +0 pair of boots "Ometucs" (worn) {Regen+}
   (Okawaru gifted it to you on level 3 of the Lair of Beasts)

   Regen:     It increases your rate of health regeneration.
 b - the +5 plate armour of the Louse {rC+}
   (You found it on level 3 of the Dungeon)

   rC:        It protects you from cold.
 c - a +2 cloak (worn)
 e - the +7 plate armour "Ughuxecs" {Rampage rPois Int-5}
   (You found it on level 11 of the Dungeon)

   Int:       It affects your intelligence (-5).
   rPois:     It protects you from poison.
   Rampage:   It bestows one free step when moving towards enemies.
 h - a +0 tower shield of protection (worn)
 n - the +7 chain mail of Wisdom (worn) {rF+ Regen+ rCorr Str-2}
   (You found it on level 8 of the Dungeon)

   Str:       It affects your strength (-2).
   rF:        It protects you from fire.
   Regen:     It increases your rate of health regeneration.
   rCorr:     It protects you from acid and corrosion.
 w - the +3 helmet "Fuasesokh" (worn) {Drain +Inv rN+ Dex+3}
   (Okawaru gifted it to you on level 4 of the Vaults)

   Dex:       It affects your dexterity (+3).
   rN:        It protects you from negative energy.
   +Inv:      It lets you turn invisible.
   Drain:     It drains your maximum health when unequipped.
 I - a +0 pair of gloves of strength (worn)
Jewellery
 s - an amulet of reflection
 y - a +5 ring of evasion
 B - the ring of Xom's Ringing Laughter {rC+ rN+ Str+3 Dex-3}
   (You found it on level 4 of the Swamp)

   [ring of protection from cold]

   Str:       It affects your strength (+3).
   Dex:       It affects your dexterity (-3).
   rC:        It protects you from cold.
   rN:        It protects you from negative energy.
 C - a ring of protection from fire
 F - an amulet of faith (around neck)
 H - the ring "Tuogriekag" (right hand) {*Slow rC++ rCorr SInv}
   (You found it on level 3 of the Vaults)

   [ring of see invisible]

   rC:        It greatly protects you from cold.
   SInv:      It lets you see invisible.
   rCorr:     It protects you from acid and corrosion.
   *Slow:     It may slow you when you take damage.
 Y - a +5 ring of evasion (left hand)
Wands
 j - a wand of digging (16)
Scrolls
 f - 20 scrolls of identify
 o - 14 scrolls of teleportation
Potions
 d - 10 potions of might
 g - 8 potions of heal wounds
 i - 9 potions of curing
 k - 9 potions of mutation
 m - 3 potions of attraction
 p - 6 potions of haste
 q - 5 potions of magic
 r - 6 potions of lignification
 v - 2 potions of resistance
 z - 2 potions of cancellation

Dungeon Overview and Level Annotations

Branches:
Dungeon (15/15)            Temple (0/1) D:5            Lair (5/5) D:10
  Swamp (4/4) Lair:3        Snake (4/4) Lair:2        Slime (0/5) Lair:5
    Orc (2/2) D:12            Elf (0/3) Orc:2        Vaults (4/5) D:14
  Crypt (0/3) Vaults:2     Depths (0/4) D:15        Ossuary (visited)
Gauntlet (visited)

Altars:
Ashenzari
Dithmenos
Gozag
Kikubaaqudgha
Makhleb
Nemelex Xobeh
Okawaru
Ru
Sif Muna
Vehumet
Yredelemnul
Zin
The Shining One

Shops:
D:8 ?   D:13 *   D:15 [*!   Orc:1 :   Orc:2 =(*[   Snake:3 :   Snake:4 *
Vaults:4 [

Annotations:
D:4 2 transporters, qw's ghost, amateur GrHu
D:13 3 runed translucent doors, qw's ghost, journeyman GrFi
Snake:4 Saint Roka
Orc:2 exclusion: 4 wargs
Vaults:3 1 runed translucent door, qw's ghost, adept GrFi


Message History

The naga mage casts a spell at the naga sharpshooter.
The naga sharpshooter seems to grow toxic.
The salamander mystic hits you with a +0 quarterstaff.
You are engulfed in flames.
You resist.
You hear a shout!
36919 ||| READING 15 scrolls of teleportation.
As you read the scroll of teleportation, it crumbles to dust.
You feel strangely unstable.
The naga warrior no longer looks unusually strong.
The nagaraja no longer looks unusually strong.
The black mamba no longer looks unusually toxic.
The anaconda bites you. The anaconda constricts you.
You block the nagaraja's attack.
The naga mage points at the nagaraja and mumbles some strange words.
The nagaraja seems to grow toxic.
The naga sharpshooter gestures wildly while chanting.
The naga sharpshooter magically shoots an arrow.
The arrow hits you but does no damage. The nagaraja spits poison at you.
You block the splash of poison.
The anaconda bites you but does no damage.
The anaconda constricts you.
You block the salamander mystic's attack.
The naga mage completely misses you. You block the naga warrior's attack.
The nagaraja barely misses you.
The salamander mystic hits you but does no damage.
The naga sharpshooter shoots an arrow.
You block the arrow.
Saint Roka calls down the wrath of Beogh upon you.
Beogh smites you!
The naga warrior hits you but does no damage.
The nagaraja casts a spell at you. The poison arrow misses you.
The poison arrow hits the naga warrior!
The naga warrior partially resists.
The naga warrior is poisoned.
The naga warrior dies!
The anaconda bites you! The anaconda constricts you.
The naga warrior roars a battlecry!
The nagaraja goes into a battle-frenzy!
You block the salamander mystic's attack.
The naga mage hits you from afar with a +0 halberd!
You die...

............#
............#
.............#
..#..........#
.............#
#........#..##
##..oNN.N.##
.#...NN)NNN#
....oNS@#.NN.#
....NNNNNoN.)...
..#.oNNSNo.....$.
....ohNNoNN......
......NN.........
.$........#......
................
...............


You could see Saint Roka, 2 nagarajas, 2 naga warriors, 5 naga sharpshooters, 2
salamander mystics, a salamander (strong), an anaconda, 4 naga ritualists, a
black mamba, 6 naga magi, a warg, 2 orc warriors, 2 nagas, an orc wizard
(strong, invisible) and 3 orcs.

Vanquished Creatures
  Nikola (Snake:3)
  2 tentacled monstrosities
  Asterion (Vaults:2)
  An ancient champion (Vaults:2)
  3 thorn hunters
  A tentacled starspawn (Abyss:3)
  A sphinx (Vaults:3)
  A shadow dragon (Vaults:4)
  Donald (Vaults:2)
  A fire giant (Vaults:4)
  Louise (Swamp:3)
  A cacodemon (Abyss:3)
  13 vault wardens
  14 ironbound preservers
  2 war gargoyles (Vaults:2)
  7 formless jellyfish
  2 ghouls (Swamp:3)
  3 orc warlords
  A vampire knight (Vaults:2)
  3 eleionomae
  6 ironbound thunderhulks
  Nessos (Lair:5)
  4 bunyips
  10 dire elephants
  A deep elf annihilator (Vaults:3)
  A minotaur (Gauntlet)
  An eidolon (Vaults:2)
  A green death (Gauntlet)
  A crystal guardian (Vaults:3)
  2 fire dragons (D:15)
  10 yaktaur captains
  Harold (Orc:1)
  7 great orbs of eyes
  2 ghost crabs
  2 entropy weavers (Vaults:4)
  A hell beast (Gauntlet)
  3 salamander tyrants
  14 vault guards
  29 hydras
  A spriggan air mage (Swamp:2)
  10 centaur warriors
  12 ironbound frosthearts
  6 anacondas
  A death knight (D:13)
  2 catoblepae (D:14)
  2 ogre magi
  3 peacekeepers
  8 alligators
  3 alligator snapping turtles (Snake:2)
  2 boulder beetles
  A spectral dire elephant (Lair:5)
  13 naga warriors
  11 two-headed ogres
  A tengu warrior (D:13)
  6 thrashing horrors
  A spriggan berserker (Swamp:2)
  15 death yaks
  3 orc high priests (Orc:2)
  2 spriggans
  8 naga sharpshooters
  Urug (Lair:5)
  A skyshark (Lair:3)
  12 shock serpents
  3 salamander mystics
  2 sixfirhies
  A sea snake (Snake:2)
  5 skeletal warriors (D:13)
  8 goliath frogs
  4 bog bodies
  2 shadow wraiths (Abyss:3)
  14 swamp dragons
  30 deep trolls
  A spectral anaconda (Lair:5)
  2 spriggan druids
  An obsidian statue (Lair:5)
  2 phantasmal warriors
  7 wizards
  3 necromancers (Lair:5)
  14 ironbound convokers
  A wolf spider zombie (D:13)
  5 harpies (Vaults:4)
  A deep elf archer (D:14)
  2 naga ritualists
  14 lindwurms
  7 orc knights
  9 mana vipers
  4 orc sorcerers (Orc:2)
  A deep elf pyromancer (D:15)
  6 will-o-the-wisps
  15 ugly things
  2 shining eyes
  3 oklob plants
  2 manticores (D:15)
  19 salamanders
  4 cyclopes
  2 worldbinders (Abyss:3)
  11 centaur zombies (D:13)
  27 black mambas
  A dire elephant zombie (Lair:5)
  32 elephants
  A rust devil (Abyss:3)
  24 naga magi
  11 vault sentinels
  2 apocalypse crabs (Abyss:3)
  5 guardian serpents
  3 gargoyles
  Psyche (D:10)
  13 cane toads
  A dire elephant skeleton (Lair:5)
  An unseen horror (D:12)
  2 large abominations (Abyss:3)
  An orange demon (Abyss:3)
  12 komodo dragons
  22 yaktaurs
  6 rime drakes
  A kobold demonologist (D:12)
  A tengu conjurer (D:14)
  3 freezing wraiths
  An ancient zyme (Abyss:3)
  3 trolls
  A queen bee (D:10)
  10 tyrant leeches
  4 hornets
  3 meliai (D:14)
  A polar bear (Lair:4)
  A meliai zombie (D:13)
  16 blink frogs
  20 dream sheep
  2 snapping turtles (Snake:2)
  4 slime creatures (Vaults:3)
  A flying skull (Vaults:2)
  A spectral elephant (Lair:5)
  7 wyverns
  7 shadows
  3 vampires
  A ynoxinul (Abyss:3)
  80 yaks
  9 wraiths
  2 steam dragons
  4 fire bats (D:14)
  2 golden eyes (Gauntlet)
  13 basilisks
  10 vampire mosquitoes
  A neqoxec (Abyss:3)
  47 nagas
  2 spectral cane toads (Lair:5)
  15 swamp worms
  6 wargs
  10 water moccasins
  2 acid dragons
  4 hell hounds
  13 swamp drakes
  30 orc warriors
  A black bear (D:7)
  2 sky beasts
  A hornet zombie (D:13)
  2 ice beasts
  An elephant zombie (Lair:5)
  16 ogres
  5 boggarts (Vaults:4)
  16 wolves
  13 centaurs
  3 phantoms
  A kobold brigand (D:6)
  13 bullfrogs
  2 necrophages (Swamp:3)
  A small abomination (Abyss:3)
  A gnoll sergeant (D:7)
  5 scorpions
  14 wights
  15 killer bees
  2 elephant simulacra (Lair:5)
  6 howler monkeys
  4 electric eels
  2 lava snakes (D:14)
  27 orc priests
  3 hounds
  14 starcursed masses (Abyss:3)
  3 jellies
  2 boggart zombies (D:13)
  11 hell rats
  4 iguanas
  5 sleepcaps
  39 orc wizards
  A boggart simulacrum (D:14)
  13 mummies (Ossuary)
  4 adders
  4 gnolls
  2 river rats (Lair:4)
  A white imp (D:5)
  3 ufetubi
  A worm (D:2)
  104 orcs
  2 bats
  2 endoplasms
  2 giant cockroaches
  6 goblins
  8 hobgoblins
  3 jackals (D:4)
  3 quokkas
  3 ball pythons
  2 frilled lizards (D:2)
  2 gnoll skeletons (Ossuary)
  2 goblin skeletons (Ossuary)
  16 kobolds
  2 kobold skeletons (Ossuary)
  2 orc skeletons (Ossuary)
  13 rats
  11 rat skeletons (Ossuary)
  2 fire vortices (D:14)
  2 spectral weapons (Vaults:2)
  2 starspawn tentacles (Abyss:3)
1447 creatures vanquished.

Vanquished Creatures (others)
  A nagaraja (Snake:4)
  A naga warrior (Snake:4)
  A goliath frog (Swamp:2)
  A black mamba (Snake:3)
  A bloated husk (Swamp:2)
  A shadow (Abyss:3)
  A swamp worm (Swamp:4)
  A swamp drake (Swamp:4)
  An orc warrior (Snake:4)
  An orc wizard (D:10)
  32 foxfires
42 creatures vanquished.

Grand Total: 1489 creatures vanquished

Notes
Turn   | Place    | Note
-------+----------+-------------------------------------------
     0 | D:1      | qw the Gargoyle Fighter began the quest for the Orb.
     0 | D:1      | Reached XP level 1. HP: 14/14 MP: 1/1
     0 | D:1      | 0 ||| qw: Version: 0.2-a-29-g511e9b1
     0 | D:1      | 0 ||| qw: Game counter: 5428
     0 | D:1      | 0 ||| qw: Always use a shield: true
     0 | D:1      | 0 ||| qw: God list: Okawaru
     0 | D:1      | 0 ||| qw: Allow faded altars: false
     0 | D:1      | 0 ||| qw: Do Orc after D:15 true
     0 | D:1      | 0 ||| qw: Do second Lair branch before Depths: true
     0 | D:1      | 0 ||| qw: Lair rune preference: random
     0 | D:1      | 0 ||| qw: Plans: Normal, Zot:1-4, Slime:5, God:TSO, Crypt,
                  | Tomb, Abyss, Pan, Hells, Win
     0 | D:1      | 0 ||| PLANNING D:1-11
   151 | D:1      | 151 ||| DROPPING +0 club.
   227 | D:1      | 227 ||| Stepping ~*~*~tactically~*~*~ (stealth).
   236 | D:1      | Reached XP level 2. HP: 18/19 MP: 2/2
   597 | D:1      | 597 ||| Stepping ~*~*~tactically~*~*~ (stealth).
   629 | D:1      | 629 ||| UPGRADING to +0 chain mail.
   639 | D:1      | 639 ||| DROPPING +0 scale mail.
   640 | D:1      | 640 ||| UPGRADING to amulet of regeneration.
   645 | D:1      | 645 ||| READING scroll labelled FUUJ GUWARUMEM.
   732 | D:2      | 732 ||| Stepping ~*~*~tactically~*~*~ (hiding).
   734 | D:2      | 734 ||| Stepping ~*~*~tactically~*~*~ (hiding).
   746 | D:2      | Reached skill level 3 in Axes
   754 | D:2      | HP: 4/19 [gnoll/+0 spear (2)]
   756 | D:2      | Reached XP level 3. HP: 7/23 MP: 3/3
   761 | D:2      | HP: 5/23 [gnoll/+0 spear (3)]
   763 | D:2      | HP: 1/23 [gnoll/+0 spear (6)]
   787 | D:2      | 787 ||| DROPPING +0 whip.
   897 | D:2      | Found a radiant altar of Vehumet.
  1374 | D:2      | 1374 ||| DROPPING amulet of guardian spirit.
  1375 | D:2      | 1375 ||| READING scroll labelled KABEUJ ZAALISURGH.
  1376 | D:2      | 1376 ||| READING scroll labelled ZARRIU QEICA.
  1377 | D:2      | 1377 ||| READING scroll labelled JOANAB ROROSCH.
  1432 | D:3      | Reached XP level 4. HP: 28/28 MP: 4/4
  1464 | D:3      | Identified the +5 plate armour of the Louse {rC+}
  1555 | D:3      | Found a sparkling altar of Nemelex Xobeh.
  1635 | D:3      | Found a radiant altar of Vehumet.
  1699 | D:3      | Found an ancient bone altar of Kikubaaqudgha.
  1699 | D:3      | Found an iron altar of Okawaru.
  1700 | D:3      | 1700 ||| PLANNING OKAWARU WORSHIP
  1701 | D:3      | 1701 ||| UPGRADING to +5 plate armour of the Louse {rC+}.
  1710 | D:3      | 1710 ||| UPGRADING to +5 plate armour of the Louse {rC+}.
  1715 | D:3      | 1715 ||| DROPPING +0 chain mail.
  1716 | D:3      | 1716 ||| UPGRADING to +0 pair of gloves.
  1721 | D:3      | 1721 ||| READING scroll labelled QAZYXZ ICRO.
  1722 | D:3      | 1722 ||| READING scroll labelled PUORAK UHOEZAQIA.
  1729 | D:3      | Became a worshipper of Warmaster Okawaru
  1730 | D:3      | 1730 ||| PLANNING D:1-11
  1957 | D:3      | 1957 ||| DRINKING 2 brown potions.
  2171 | D:4      | 2171 ||| Stepping ~*~*~tactically~*~*~ (hiding).
  2199 | D:4      | Noticed a sky beast
  2206 | D:4      | Reached XP level 5. HP: 32/32 MP: 5/5
  2212 | D:4      | Killed a sky beast
  2260 | D:4      | Noticed a toenail golem
  2261 | D:4      | Noticed a small abomination
  2262 | D:4      | Noticed qw's ghost (amateur GrHu)
  2274 | D:4      | Found a transporter.
  2279 | D:4      | Found a transporter.
  2503 | D:4      | 2503 ||| Stepping ~*~*~tactically~*~*~ (hiding).
  2504 | D:4      | 2504 ||| Stepping ~*~*~tactically~*~*~ (hiding).
  2505 | D:4      | 2505 ||| Stepping ~*~*~tactically~*~*~ (hiding).
  2520 | D:4      | Reached XP level 6. HP: 37/37 MP: 6/6
  2564 | D:4      | HP: 9/37 [something/puff of flame (13)]
  2565 | D:4      | 2565 ||| DRINKING potion of heal wounds.
  2713 | D:4      | 2713 ||| READING scroll labelled HUROAZX KOAFIT.
  2714 | D:4      | 2714 ||| READING 2 scrolls of identify.
  2714 | D:4      | 2714 ||| IDENTIFYING sedimented silvery potion
  2715 | D:4      | 2715 ||| DROPPING potion of enlightenment.
  2724 | D:5      | Entered Level 5 of the Dungeon
  2741 | D:5      | Reached skill level 1 in Throwing
  2753 | D:5      | Reached * piety under Okawaru
  2839 | D:5      | 2839 ||| Stepping ~*~*~tactically~*~*~ (stealth).
  2841 | D:5      | 2841 ||| INVOKING Heroism.
  2851 | D:5      | Reached XP level 7. HP: 42/43 MP: 5/7
  2853 | D:5      | Reached skill level 6 in Axes
  3003 | D:5      | 3003 ||| Stepping ~*~*~tactically~*~*~ (hiding).
  3004 | D:5      | 3004 ||| Stepping ~*~*~tactically~*~*~ (hiding).
  3099 | D:5      | Reached skill level 1 in Invocations
  3128 | D:5      | Found a sacrificial altar of Ru.
  3142 | D:5      | Found a staircase to the Ecumenical Temple.
  3405 | D:5      | 3405 ||| READING 2 scrolls of identify.
  3405 | D:5      | 3405 ||| IDENTIFYING ruby potion
  3431 | D:6      | 3431 ||| PLANNING OSSUARY
  3547 | D:6      | Reached skill level 3 in Invocations
  3547 | D:6      | Reached XP level 8. HP: 43/48 MP: 10/10
  3606 | D:6      | Found a broken altar of Ashenzari.
  3617 | D:6      | Reached ** piety under Okawaru
  3698 | D:6      | Found a sand-covered staircase.
  3699 | D:6      | 3699 ||| READING scroll labelled LUT XAGGEROOFFIEXO.
  3712 | Ossuary  | Entered an ossuary
  4055 | Ossuary  | 4055 ||| READING scroll labelled GUIF BAPTAE.
  4060 | Ossuary  | 4060 ||| READING scroll labelled CAPUHO FUSIU.
  4061 | Ossuary  | 4061 ||| READING 3 scrolls labelled LAR YNEGRUSAEMN.
  4062 | Ossuary  | 4062 ||| READING scroll labelled CONIUK IKHISUEN.
  4063 | Ossuary  | 4063 ||| DRINKING 3 lumpy silvery potions.
  4064 | Ossuary  | 4064 ||| READING 3 scrolls of identify.
  4064 | Ossuary  | 4064 ||| IDENTIFYING metallic red potion
  4065 | Ossuary  | 4065 ||| READING 2 scrolls of identify.
  4065 | Ossuary  | 4065 ||| IDENTIFYING dark potion
  4066 | Ossuary  | 4066 ||| DROPPING 2 scrolls of noise.
  4098 | D:6      | 4098 ||| PLANNING D:1-11
  4179 | D:6      | Reached skill level 1 in Dodging
  4442 | D:6      | Found a burning altar of Makhleb.
  4451 | D:6      | Found an opulent altar of Gozag.
  4538 | D:6      | 4538 ||| READING 2 scrolls of identify.
  4538 | D:6      | 4538 ||| IDENTIFYING fizzy cyan potion
  4539 | D:6      | 4539 ||| DROPPING potion of degeneration.
  4594 | D:7      | 4594 ||| INVOKING Heroism.
  4618 | D:7      | 4618 ||| Stepping ~*~*~tactically~*~*~ (stealth).
  4630 | D:7      | Reached XP level 9. HP: 54/54 MP: 12/12
  4644 | D:7      | Reached skill level 6 in Fighting
  4662 | D:7      | 4662 ||| INVOKING Heroism.
  4717 | D:7      | Reached *** piety under Okawaru
  4729 | D:7      | 4729 ||| INVOKING Heroism.
  4820 | D:7      | Found a basalt altar of Yredelemnul.
  4859 | D:7      | Found a shadowy altar of Dithmenos.
  4943 | D:7      | 4943 ||| Stepping ~*~*~tactically~*~*~ (hiding).
  4944 | D:7      | 4944 ||| Stepping ~*~*~tactically~*~*~ (hiding).
  4945 | D:7      | 4945 ||| INVOKING Heroism.
  4959 | D:7      | Reached skill level 9 in Axes
  4990 | D:7      | 4990 ||| Stepping ~*~*~tactically~*~*~ (stealth).
  4999 | D:7      | 4999 ||| INVOKING Heroism.
  5001 | D:7      | Reached skill level 3 in Throwing
  5016 | D:7      | 5016 ||| INVOKING Heroism.
  5029 | D:7      | Reached skill level 4 in Shields
  5050 | D:7      | Identified the +1 chain mail "Hibaxir" {*Corrode rC++
                  | Int+4}
  5051 | D:7      | 5051 ||| INVOKING Heroism.
  5077 | D:7      | 5077 ||| INVOKING Heroism.
  5093 | D:7      | 5093 ||| Stepping ~*~*~tactically~*~*~ (hiding).
  5097 | D:7      | 5097 ||| INVOKING Heroism.
  5101 | D:7      | Reached skill level 6 in Armour
  5106 | D:7      | Reached XP level 10. HP: 50/63 MP: 11/13
  5170 | D:7      | 5170 ||| Stepping ~*~*~tactically~*~*~ (hiding).
  5171 | D:7      | 5171 ||| Stepping ~*~*~tactically~*~*~ (hiding).
  5292 | D:7      | 5292 ||| INVOKING Heroism.
  5436 | D:7      | 5436 ||| READING scroll labelled HIASOA IDAOCY.
  5589 | D:8      | 5589 ||| INVOKING Heroism.
  5671 | D:8      | 5671 ||| Stepping ~*~*~tactically~*~*~ (hiding).
  5672 | D:8      | 5672 ||| Stepping ~*~*~tactically~*~*~ (hiding).
  5915 | D:8      | 5915 ||| INVOKING Heroism.
  5992 | D:8      | 5992 ||| INVOKING Heroism.
  6009 | D:8      | Found The Oracle's Delphic Readings.
  6014 | D:8      | 6014 ||| BUYING scroll of identify (26 gold).
  6014 | D:8      | Bought a scroll of identify for 26 gold pieces
  6018 | D:8      | 6018 ||| Stepping ~*~*~tactically~*~*~ (cloud).
  6019 | D:8      | 6019 ||| READING scroll labelled TIWKUGIRIURR.
  6251 | D:8      | Identified the +7 chain mail of Wisdom {rF+ Regen+ rCorr
                  | Str-2}
  6438 | D:8      | 6438 ||| UPGRADING to +7 chain mail of Wisdom {rF+ Regen+
                  | rCorr Str-2}.
  6566 | D:9      | Found a shimmering blue altar of Sif Muna.
  6609 | D:9      | 6609 ||| INVOKING Heroism.
  6685 | D:9      | 6685 ||| Stepping ~*~*~tactically~*~*~ (stealth).
  6693 | D:9      | 6693 ||| INVOKING Heroism.
  6698 | D:9      | Reached skill level 5 in Shields
  6736 | D:9      | 6736 ||| Stepping ~*~*~tactically~*~*~ (hiding).
  6875 | D:9      | 6875 ||| Stepping ~*~*~tactically~*~*~ (stealth).
  6876 | D:9      | 6876 ||| Stepping ~*~*~tactically~*~*~ (stealth).
  6880 | D:9      | 6880 ||| Stepping ~*~*~tactically~*~*~ (stealth).
  6895 | D:9      | Reached **** piety under Okawaru
  6971 | D:9      | 6971 ||| Stepping ~*~*~tactically~*~*~ (hiding).
  6978 | D:9      | 6978 ||| INVOKING Heroism.
  7196 | D:9      | Found a glowing golden altar of the Shining One.
  7200 | D:9      | 7200 ||| UPGRADING to +0 cloak.
  7205 | D:9      | 7205 ||| READING 6 scrolls of identify.
  7205 | D:9      | 7205 ||| IDENTIFYING yellow potion
  7214 | D:10     | Entered Level 10 of the Dungeon
  7248 | D:10     | 7248 ||| INVOKING Heroism.
  7305 | D:10     | Noticed Psyche
  7306 | D:10     | 7306 ||| INVOKING Heroism.
  7332 | D:10     | Killed Psyche
  7333 | D:10     | Reached XP level 11. HP: 69/69 MP: 14/14
  7470 | D:10     | Noticed a two-headed ogre
  7471 | D:10     | 7471 ||| INVOKING Heroism.
  7479 | D:10     | Killed a two-headed ogre
  7480 | D:10     | Reached skill level 9 in Fighting
  7562 | D:10     | Reached skill level 6 in Invocations
  7606 | D:10     | Received a gift from Okawaru
  7624 | D:10     | Found a staircase to the Lair.
  7626 | D:10     | 7626 ||| DROPPING +0 flail.
  7693 | D:10     | 7693 ||| READING scroll of enchant weapon.
  7693 | D:10     | 7693 ||| ENCHANTING +1 war axe.
  7769 | D:10     | 7769 ||| Stepping ~*~*~tactically~*~*~ (stealth).
  7802 | D:10     | 7802 ||| INVOKING Heroism.
  7835 | D:10     | Noticed a two-headed ogre
  7836 | D:10     | 7836 ||| Stepping ~*~*~tactically~*~*~ (stealth).
  7837 | D:10     | Noticed a two-headed ogre
  7837 | D:10     | Noticed a two-headed ogre
  7838 | D:10     | 7838 ||| Stepping ~*~*~tactically~*~*~ (stealth).
  7844 | D:10     | 7844 ||| INVOKING Heroism.
  7859 | D:10     | Killed a two-headed ogre
  7867 | D:10     | Killed a two-headed ogre
  7867 | D:10     | Reached ***** piety under Okawaru
  7870 | D:10     | HP: 16/71 [two-headed ogre/+0 dire flail (12)]
  7871 | D:10     | 7871 ||| DRINKING 4 potions of heal wounds.
  7877 | D:10     | Killed a two-headed ogre
  7905 | D:10     | Noticed a two-headed ogre
  7905 | D:10     | 7905 ||| INVOKING Heroism.
  7906 | D:10     | Noticed a two-headed ogre
  7907 | D:10     | Noticed an ogre mage
  7907 | D:10     | Noticed a two-headed ogre
  7918 | D:10     | Killed a two-headed ogre
  7919 | D:10     | Reached skill level 12 in Axes
  7927 | D:10     | Killed a two-headed ogre
  7928 | D:10     | Reached XP level 12. HP: 67/76 MP: 18/18
  7937 | D:10     | Killed a two-headed ogre
  7937 | D:10     | Received a gift from Okawaru
  7938 | D:10     | Reached skill level 6 in Shields
  7938 | D:10     | Reached skill level 9 in Invocations
  7963 | D:10     | 7963 ||| INVOKING Heroism.
  7966 | D:10     | Killed an ogre mage
  7991 | D:10     | 7991 ||| DROPPING +0 morningstar.
  8510 | D:10     | Received a gift from Okawaru
  8690 | D:10     | 8690 ||| PLANNING LAIR
  8690 | D:10     | 8690 ||| READING 7 scrolls of identify.
  8690 | D:10     | 8690 ||| IDENTIFYING silvery potion
  8691 | D:10     | 8691 ||| READING 6 scrolls of identify.
  8691 | D:10     | 8691 ||| IDENTIFYING coppery potion
  8692 | D:10     | 8692 ||| DROPPING potion of brilliance.
  8724 | Lair:1   | Entered Level 1 of the Lair of Beasts
  8731 | Lair:1   | 8731 ||| Stepping ~*~*~tactically~*~*~ (stealth).
  8795 | Lair:1   | 8795 ||| Stepping ~*~*~tactically~*~*~ (stealth).
  8803 | Lair:1   | 8803 ||| INVOKING Heroism.
  8838 | Lair:1   | 8838 ||| Stepping ~*~*~tactically~*~*~ (stealth).
  8866 | Lair:1   | 8866 ||| Stepping ~*~*~tactically~*~*~ (stealth).
  8887 | Lair:1   | 8887 ||| Stepping ~*~*~tactically~*~*~ (stealth).
  8894 | Lair:1   | 8894 ||| Stepping ~*~*~tactically~*~*~ (stealth).
  8959 | Lair:1   | Found a dark tunnel.
  9083 | Lair:1   | Received a gift from Okawaru
  9109 | Lair:1   | 9109 ||| Stepping ~*~*~tactically~*~*~ (stealth).
  9112 | Lair:1   | 9112 ||| Stepping ~*~*~tactically~*~*~ (stealth).
  9115 | Lair:1   | 9115 ||| Stepping ~*~*~tactically~*~*~ (stealth).
  9253 | Lair:1   | Reached ****** piety under Okawaru
  9454 | Lair:1   | Reached XP level 13. HP: 82/82 MP: 20/20
  9711 | Lair:2   | 9711 ||| INVOKING Heroism.
  9712 | Lair:2   | 9712 ||| INVOKING Finesse.
  9721 | Lair:2   | Received a gift from Okawaru
  9729 | Lair:2   | 9729 ||| SWAPPING to +4 morningstar of protection.
  9793 | Lair:2   | 9793 ||| UPGRADING to +2 war axe.
  9865 | Lair:2   | 9865 ||| INVOKING Heroism.
  9919 | Lair:2   | 9919 ||| INVOKING Heroism.
  9938 | Lair:2   | Reached skill level 7 in Shields
  9972 | Lair:2   | Found a staircase to the Snake Pit.
  9996 | Lair:2   | 9996 ||| INVOKING Heroism.
 10013 | Lair:2   | 10013 ||| Stepping ~*~*~tactically~*~*~ (stealth).
 10073 | Lair:2   | 10073 ||| INVOKING Heroism.
 10150 | Lair:2   | 10150 ||| INVOKING Heroism.
 10151 | Lair:2   | 10151 ||| INVOKING Finesse.
 10590 | Lair:2   | 10590 ||| DROPPING amulet of magic regeneration.
 10591 | Lair:2   | 10591 ||| DROPPING +6 ring of intelligence.
 10592 | Lair:2   | 10592 ||| READING scroll labelled FERAOFEUCU.
 10593 | Lair:2   | 10593 ||| READING 6 scrolls of identify.
 10593 | Lair:2   | 10593 ||| IDENTIFYING sapphire potion
 10618 | Lair:3   | Identified the +0 pair of boots "Ometucs" {Regen+} (Okawaru
                  | gifted it to you on level 3 of the Lair of Beasts)
 10618 | Lair:3   | Received a gift from Okawaru
 10770 | Lair:3   | 10770 ||| INVOKING Heroism.
 10771 | Lair:3   | 10771 ||| INVOKING Finesse.
 10772 | Lair:3   | 10772 ||| SWAPPING to +4 morningstar of protection.
 10780 | Lair:3   | 10780 ||| UPGRADING to +2 war axe.
 10834 | Lair:3   | 10834 ||| Stepping ~*~*~tactically~*~*~ (hiding).
 10857 | Lair:3   | 10857 ||| Stepping ~*~*~tactically~*~*~ (stealth).
 10859 | Lair:3   | 10859 ||| Stepping ~*~*~tactically~*~*~ (stealth).
 10914 | Lair:3   | 10914 ||| INVOKING Heroism.
 10933 | Lair:3   | Reached skill level 15 in Axes
 10980 | Lair:3   | 10980 ||| Stepping ~*~*~tactically~*~*~ (stealth).
 10983 | Lair:3   | 10983 ||| INVOKING Heroism.
 11020 | Lair:3   | You fall into a shaft and drop 2 floors!
 11020 | Lair:5   | Entered Level 5 of the Lair of Beasts
 11022 | Lair:5   | 11022 ||| INVOKING Heroism.
 11043 | Lair:5   | Reached skill level 9 in Armour
 11055 | Lair:5   | 11055 ||| INVOKING Finesse.
 11060 | Lair:5   | 11060 ||| INVOKING Heroism.
 11094 | Lair:5   | Gained mutation: Your large and strong wings let you fly.
                  | [Gargoyle growth]
 11094 | Lair:5   | Reached XP level 14. HP: 90/90 MP: 16/21
 11174 | Lair:5   | 11174 ||| Stepping ~*~*~tactically~*~*~ (stealth).
 11226 | Lair:5   | 11226 ||| Stepping ~*~*~tactically~*~*~ (hiding).
 11261 | Lair:5   | Noticed Urug
 11262 | Lair:5   | 11262 ||| INVOKING Heroism.
 11263 | Lair:5   | 11263 ||| INVOKING Finesse.
 11276 | Lair:5   | Killed Urug
 11312 | Lair:5   | 11312 ||| UPGRADING to +1 broad axe of freezing.
 11313 | Lair:5   | 11313 ||| DROPPING +2 war axe.
 11378 | Lair:5   | 11378 ||| UPGRADING to +0 pair of boots "Ometucs" {Regen+}.
 11383 | Lair:5   | 11383 ||| UPGRADING to +4 ring of protection.
 11384 | Lair:5   | 11384 ||| READING scroll labelled SIABBUQ NULUTAO.
 11387 | Lair:5   | 11387 ||| Stepping ~*~*~tactically~*~*~ (hiding).
 11524 | Lair:4   | Reached skill level 6 in Throwing
 11526 | Lair:4   | Reached skill level 12 in Fighting
 11538 | Lair:4   | Reached skill level 3 in Dodging
 11579 | Lair:3   | 11579 ||| INVOKING Heroism.
 11580 | Lair:3   | 11580 ||| INVOKING Finesse.
 11585 | Lair:3   | 11585 ||| SWAPPING to +4 morningstar of protection.
 11587 | Lair:3   | 11587 ||| UPGRADING to +1 broad axe of freezing.
 11643 | Lair:3   | 11643 ||| Stepping ~*~*~tactically~*~*~ (hiding).
 11645 | Lair:3   | 11645 ||| INVOKING Heroism.
 11666 | Lair:3   | Found a staircase to the Swamp.
 11741 | Lair:3   | Found a glowing silver altar of Zin.
 11742 | Lair:3   | 11742 ||| INVOKING Heroism.
 12241 | Lair:4   | 12241 ||| STAIRDANCE
 12325 | Lair:4   | 12325 ||| Stepping ~*~*~tactically~*~*~ (stealth).
 12468 | Lair:4   | 12468 ||| Stepping ~*~*~tactically~*~*~ (stealth).
 12471 | Lair:4   | 12471 ||| Stepping ~*~*~tactically~*~*~ (stealth).
 12473 | Lair:4   | 12473 ||| Stepping ~*~*~tactically~*~*~ (stealth).
 12495 | Lair:4   | 12495 ||| Stepping ~*~*~tactically~*~*~ (stealth).
 12501 | Lair:4   | 12501 ||| Stepping ~*~*~tactically~*~*~ (stealth).
 12509 | Lair:4   | 12509 ||| Stepping ~*~*~tactically~*~*~ (stealth).
 12719 | Lair:4   | 12719 ||| Stepping ~*~*~tactically~*~*~ (stealth).
 12720 | Lair:4   | 12720 ||| INVOKING Heroism.
 12741 | Lair:4   | 12741 ||| INVOKING Finesse.
 12798 | Lair:4   | 12798 ||| READING scroll of enchant weapon.
 12798 | Lair:4   | 12798 ||| ENCHANTING +1 broad axe of freezing.
 13034 | Lair:4   | 13034 ||| INVOKING Heroism.
 13310 | Lair:5   | 13310 ||| Stepping ~*~*~tactically~*~*~ (stealth).
 13311 | Lair:5   | 13311 ||| Stepping ~*~*~tactically~*~*~ (stealth).
 13315 | Lair:5   | 13315 ||| Stepping ~*~*~tactically~*~*~ (stealth).
 13420 | Lair:5   | 13420 ||| INVOKING Heroism.
 13438 | Lair:5   | 13438 ||| INVOKING Finesse.
 13517 | Lair:5   | 13517 ||| INVOKING Heroism.
 13519 | Lair:5   | 13519 ||| Stepping ~*~*~tactically~*~*~ (stealth).
 13550 | Lair:5   | Reached skill level 8 in Shields
 13570 | Lair:5   | 13570 ||| INVOKING Finesse.
 13571 | Lair:5   | Found a staircase to the Slime Pits.
 13574 | Lair:5   | 13574 ||| INVOKING Heroism.
 13668 | Lair:5   | Noticed Nessos
 13675 | Lair:5   | 13675 ||| Stepping ~*~*~tactically~*~*~ (hiding).
 13683 | Lair:5   | 13683 ||| INVOKING Heroism.
 13686 | Lair:5   | 13686 ||| SWAPPING to +4 morningstar of protection.
 13701 | Lair:5   | Killed Nessos
 13709 | Lair:5   | 13709 ||| UPGRADING to +2 broad axe of freezing.
 13780 | Lair:5   | 13780 ||| INVOKING Heroism.
 13789 | Lair:5   | 13789 ||| SWAPPING to +4 morningstar of protection.
 13792 | Lair:5   | Reached XP level 15. HP: 83/96 MP: 20/22
 13813 | Lair:5   | 13813 ||| UPGRADING to +2 broad axe of freezing.
 13840 | Lair:5   | 13840 ||| FLEEEEING.
 13849 | Lair:5   | 13849 ||| INVOKING Heroism.
 13907 | Lair:5   | 13907 ||| INVOKING Heroism.
 14201 | Lair:5   | 14201 ||| INVOKING Heroism.
 14202 | Lair:5   | 14202 ||| Stepping ~*~*~tactically~*~*~ (stealth).
 14203 | Lair:5   | 14203 ||| Stepping ~*~*~tactically~*~*~ (stealth).
 14215 | Lair:5   | Received a gift from Okawaru
 14268 | Lair:5   | 14268 ||| INVOKING Heroism.
 14363 | Lair:5   | 14363 ||| DROPPING +4 morningstar of protection.
 14378 | Lair:5   | 14378 ||| Stepping ~*~*~tactically~*~*~ (stealth).
 14385 | Lair:5   | Received a gift from Okawaru
 14419 | Lair:5   | Identified the staff of earth "Geschav" {rF+ rN+}
 14502 | Lair:5   | 14502 ||| INVOKING Heroism.
 14510 | Lair:5   | Received a gift from Okawaru
 14532 | Lair:5   | 14532 ||| INVOKING Heroism.
 14621 | Lair:5   | 14621 ||| INVOKING Heroism.
 14754 | Lair:5   | 14754 ||| PLANNING D:1-11
 14754 | Lair:5   | 14754 ||| DROPPING +1 pair of boots.
 14755 | Lair:5   | 14755 ||| UPGRADING to amulet of reflection.
 14765 | Lair:5   | 14765 ||| DROPPING amulet of regeneration.
 14863 | D:11     | Received a gift from Okawaru
 14870 | D:11     | Identified the +7 plate armour "Ughuxecs" {Rampage rPois
                  | Int-5}
 14909 | D:11     | 14909 ||| Stepping ~*~*~tactically~*~*~ (stealth).
 15032 | D:11     | 15032 ||| Stepping ~*~*~tactically~*~*~ (hiding).
 15439 | D:11     | Received a gift from Okawaru
 15547 | D:11     | 15547 ||| READING scroll of enchant armour.
 15547 | D:11     | 15547 ||| ENCHANTING +0 pair of gloves.
 15688 | D:11     | 15688 ||| PLANNING D
 15688 | D:11     | 15688 ||| READING 9 scrolls of identify.
 15688 | D:11     | 15688 ||| IDENTIFYING inky potion
 15689 | D:11     | 15689 ||| DROPPING potion of invisibility.
 15732 | D:12     | 15732 ||| PLANNING GAUNTLET
 15768 | D:12     | 15768 ||| INVOKING Heroism.
 15804 | D:12     | 15804 ||| Stepping randomly (disturbance).
 15814 | D:12     | 15814 ||| Stepping ~*~*~tactically~*~*~ (stealth).
 15946 | D:12     | 15946 ||| Stepping ~*~*~tactically~*~*~ (stealth).
 15988 | D:12     | 15988 ||| FLEEEEING.
 16068 | D:12     | 16068 ||| Stepping ~*~*~tactically~*~*~ (stealth).
 16069 | D:12     | 16069 ||| Stepping ~*~*~tactically~*~*~ (stealth).
 16070 | D:12     | 16070 ||| Stepping ~*~*~tactically~*~*~ (stealth).
 16072 | D:12     | 16072 ||| Stepping ~*~*~tactically~*~*~ (stealth).
 16191 | D:12     | Found a gate leading to a gauntlet.
 16192 | D:12     | 16192 ||| UPGRADING to +0 helmet.
 16197 | D:12     | 16197 ||| UPGRADING to +5 ring of evasion.
 16198 | D:12     | 16198 ||| DROPPING ring of willpower.
 16206 | Gauntlet | Entered a Gauntlet
 16206 | Gauntlet | Found a transporter.
 16217 | Gauntlet | Found a runed translucent door.
 16220 | Gauntlet | Found a transporter.
 16222 | Gauntlet | Found a transporter.
 16223 | Gauntlet | Found a transporter.
 16234 | Gauntlet | Found a transporter.
 16234 | Gauntlet | Found a transporter.
 16235 | Gauntlet | Found a transporter.
 16244 | Gauntlet | Found a transporter.
 16247 | Gauntlet | Found a transporter.
 16248 | Gauntlet | Found a transporter.
 16259 | Gauntlet | Found a transporter.
 16260 | Gauntlet | Found a transporter.
 16261 | Gauntlet | Found a transporter.
 16269 | Gauntlet | Found a transporter.
 16376 | Gauntlet | 16376 ||| DRINKING 4 potions of curing.
 16376 | Gauntlet | 16376 ||| (to cure confusion)
 16454 | Gauntlet | Received a gift from Okawaru
 16480 | Gauntlet | 16480 ||| READING scroll of enchant weapon.
 16480 | Gauntlet | 16480 ||| ENCHANTING +2 broad axe of freezing.
 16488 | Gauntlet | 16488 ||| INVOKING Heroism.
 16512 | Gauntlet | Identified the +0 chain mail of Context {rF+ Will+++ Str-3
                  | Dex-2}
 16542 | Gauntlet | 16542 ||| DROPPING +0 pair of boots of rampaging.
 16554 | D:12     | 16554 ||| PLANNING D
 16690 | D:12     | 16690 ||| Stepping ~*~*~tactically~*~*~ (hiding).
 16697 | D:12     | 16697 ||| Stepping ~*~*~tactically~*~*~ (hiding).
 16702 | D:12     | 16702 ||| Stepping ~*~*~tactically~*~*~ (hiding).
 16704 | D:12     | 16704 ||| Stepping ~*~*~tactically~*~*~ (hiding).
 16717 | D:12     | 16717 ||| Stepping ~*~*~tactically~*~*~ (stealth).
 16718 | D:12     | 16718 ||| Stepping ~*~*~tactically~*~*~ (stealth).
 16722 | D:12     | 16722 ||| Stepping ~*~*~tactically~*~*~ (hiding).
 16733 | D:12     | 16733 ||| Stepping ~*~*~tactically~*~*~ (hiding).
 16734 | D:12     | 16734 ||| Stepping ~*~*~tactically~*~*~ (hiding).
 16737 | D:12     | 16737 ||| Stepping ~*~*~tactically~*~*~ (hiding).
 16747 | D:12     | 16747 ||| Stepping ~*~*~tactically~*~*~ (stealth).
 16749 | D:12     | 16749 ||| Stepping ~*~*~tactically~*~*~ (hiding).
 16811 | D:12     | Found a staircase to the Orcish Mines.
 16918 | D:13     | Found Loxesm's Pet Rocks.
 16973 | D:13     | 16973 ||| BUYING wand of digging (5) (273 gold).
 16973 | D:13     | Bought a wand of digging (5) for 273 gold pieces
 17119 | D:13     | Reached XP level 16. HP: 104/104 MP: 23/23
 17131 | D:13     | 17131 ||| Stepping ~*~*~tactically~*~*~ (stealth).
 17132 | D:13     | 17132 ||| Stepping ~*~*~tactically~*~*~ (stealth).
 17135 | D:13     | 17135 ||| INVOKING Heroism.
 17147 | D:13     | Received a gift from Okawaru
 17150 | D:13     | Reached skill level 18 in Axes
 17168 | D:13     | 17168 ||| Stepping ~*~*~tactically~*~*~ (stealth).
 17170 | D:13     | 17170 ||| Stepping ~*~*~tactically~*~*~ (hiding).
 17171 | D:13     | 17171 ||| Stepping ~*~*~tactically~*~*~ (hiding).
 17198 | D:13     | 17198 ||| INVOKING Heroism.
 17210 | D:13     | Reached skill level 9 in Shields
 17220 | D:13     | Found a runed translucent gate.
 17221 | D:13     | Found a runed translucent gate.
 17222 | D:13     | Noticed qw's ghost (journeyman GrFi)
 17222 | D:13     | Found a runed translucent gate.
 17303 | D:13     | 17303 ||| INVOKING Heroism.
 17620 | D:13     | 17620 ||| INVOKING Heroism.
 17668 | D:13     | 17668 ||| INVOKING Heroism.
 18346 | D:13     | 18346 ||| Stepping randomly (stuck).
 18355 | D:14     | 18355 ||| INVOKING Heroism.
 18367 | D:14     | 18367 ||| STAIRDANCE
 18532 | D:14     | 18532 ||| Stepping ~*~*~tactically~*~*~ (hiding).
 18533 | D:14     | 18533 ||| Stepping ~*~*~tactically~*~*~ (hiding).
 18534 | D:14     | 18534 ||| Stepping ~*~*~tactically~*~*~ (hiding).
 18766 | D:14     | 18766 ||| INVOKING Heroism.
 18776 | D:14     | Received a gift from Okawaru
 18820 | D:14     | 18820 ||| Stepping ~*~*~tactically~*~*~ (stealth).
 18821 | D:14     | 18821 ||| Stepping ~*~*~tactically~*~*~ (stealth).
 18904 | D:14     | 18904 ||| INVOKING Heroism.
 18935 | D:14     | Reached skill level 12 in Armour
 18937 | D:14     | 18937 ||| Stepping ~*~*~tactically~*~*~ (stealth).
 18957 | D:14     | Found a gate to the Vaults.
 19003 | D:14     | Found a radiant altar of Vehumet.
 19004 | D:14     | 19004 ||| Stepping ~*~*~tactically~*~*~ (stealth).
 19005 | D:14     | 19005 ||| Stepping ~*~*~tactically~*~*~ (stealth).
 19055 | D:14     | 19055 ||| Stepping ~*~*~tactically~*~*~ (hiding).
 19061 | D:14     | Received a gift from Okawaru
 19168 | D:14     | 19168 ||| READING scroll of enchant armour.
 19168 | D:14     | 19168 ||| ENCHANTING +1 pair of gloves.
 19365 | D:14     | 19365 ||| Stepping ~*~*~tactically~*~*~ (hiding).
 19409 | D:14     | 19409 ||| Stepping ~*~*~tactically~*~*~ (stealth).
 19603 | D:15     | Entered Level 15 of the Dungeon
 19607 | D:15     | 19607 ||| Stepping ~*~*~tactically~*~*~ (hiding).
 19608 | D:15     | 19608 ||| Stepping ~*~*~tactically~*~*~ (hiding).
 19725 | D:15     | Found Lukloru's Distillery.
 19731 | D:15     | 19731 ||| Stepping ~*~*~tactically~*~*~ (hiding).
 19732 | D:15     | 19732 ||| INVOKING Heroism.
 19735 | D:15     | 19735 ||| SWAPPING to +2 hand axe of flaming.
 19749 | D:15     | 19749 ||| UPGRADING to +3 broad axe of freezing.
 19764 | D:15     | 19764 ||| BUYING potion of curing (48 gold).
 19764 | D:15     | Bought a potion of curing for 48 gold pieces
 19764 | D:15     | 19764 ||| BUYING potion of haste (160 gold).
 19764 | D:15     | Bought a potion of haste for 160 gold pieces
 19764 | D:15     | 19764 ||| BUYING potion of heal wounds (80 gold).
 19764 | D:15     | Bought a potion of heal wounds for 80 gold pieces
 19764 | D:15     | 19764 ||| BUYING potion of might (64 gold).
 19764 | D:15     | Bought a potion of might for 64 gold pieces
 19779 | D:15     | 19779 ||| Stepping ~*~*~tactically~*~*~ (hiding).
 19783 | D:15     | 19783 ||| INVOKING Heroism.
 19818 | D:15     | Found a staircase to the Depths.
 19894 | D:15     | 19894 ||| INVOKING Heroism.
 19895 | D:15     | 19895 ||| INVOKING Finesse.
 19909 | D:15     | 19909 ||| SWAPPING to +2 hand axe of flaming.
 19942 | D:15     | 19942 ||| UPGRADING to +3 broad axe of freezing.
 19966 | D:15     | Received a gift from Okawaru
 20046 | D:15     | 20046 ||| Stepping ~*~*~tactically~*~*~ (hiding).
 20047 | D:15     | 20047 ||| Stepping ~*~*~tactically~*~*~ (hiding).
 20115 | D:15     | Found a sparkling altar of Nemelex Xobeh.
 20259 | D:15     | 20259 ||| Stepping ~*~*~tactically~*~*~ (stealth).
 20270 | D:15     | 20270 ||| INVOKING Heroism.
 20296 | D:15     | Found Maij's General Store.
 20307 | D:15     | Found Plog's Armour Emporium.
 20311 | D:15     | 20311 ||| BUYING potion of curing (45 gold).
 20311 | D:15     | Bought a potion of curing for 45 gold pieces
 20311 | D:15     | 20311 ||| BUYING scroll of enchant armour (112 gold).
 20311 | D:15     | Bought a scroll of enchant armour for 112 gold pieces
 20311 | D:15     | 20311 ||| BUYING scroll of enchant weapon (112 gold).
 20311 | D:15     | Bought a scroll of enchant weapon for 112 gold pieces
 20311 | D:15     | 20311 ||| READING scroll of enchant armour.
 20311 | D:15     | 20311 ||| ENCHANTING +0 helmet.
 20312 | D:15     | 20312 ||| READING scroll of enchant weapon.
 20312 | D:15     | 20312 ||| ENCHANTING +3 broad axe of freezing.
 20363 | D:15     | 20363 ||| PLANNING ORC
 20363 | D:15     | 20363 ||| UPGRADING to +0 tower shield.
 20373 | D:15     | 20373 ||| DROPPING +0 buckler.
 20526 | Orc:1    | Entered Level 1 of the Orcish Mines
 20556 | Orc:1    | 20556 ||| Stepping ~*~*~tactically~*~*~ (stealth).
 20557 | Orc:1    | 20557 ||| Stepping ~*~*~tactically~*~*~ (hiding).
 20587 | Orc:1    | 20587 ||| Stepping ~*~*~tactically~*~*~ (stealth).
 20589 | Orc:1    | 20589 ||| Stepping ~*~*~tactically~*~*~ (hiding).
 20701 | Orc:1    | 20701 ||| Stepping ~*~*~tactically~*~*~ (stealth).
 20706 | Orc:1    | Noticed Harold
 20722 | Orc:1    | Killed Harold
 20723 | Orc:1    | 20723 ||| FLEEEEING.
 20724 | Orc:1    | 20724 ||| FLEEEEING.
 20725 | Orc:1    | 20725 ||| FLEEEEING.
 20726 | Orc:1    | 20726 ||| FLEEEEING.
 20727 | Orc:1    | 20727 ||| FLEEEEING.
 20731 | Orc:1    | 20731 ||| FLEEEEING.
 20732 | Orc:1    | 20732 ||| FLEEEEING.
 20733 | Orc:1    | 20733 ||| FLEEEEING.
 20863 | Orc:1    | Found Fasoarhe's Book Emporium.
 21003 | Orc:1    | 21003 ||| Stepping ~*~*~tactically~*~*~ (stealth).
 21122 | Orc:2    | Entered Level 2 of the Orcish Mines
 21177 | Orc:2    | Found a staircase to the Elven Halls.
 21248 | Orc:2    | 21248 ||| Stepping ~*~*~tactically~*~*~ (stealth).
 21249 | Orc:2    | 21249 ||| Stepping ~*~*~tactically~*~*~ (stealth).
 21299 | Orc:2    | 21299 ||| INVOKING Heroism.
 21317 | Orc:2    | 21317 ||| INVOKING Finesse.
 21326 | Orc:2    | Reached skill level 10 in Shields
 21358 | Orc:2    | Received a gift from Okawaru
 21360 | Orc:2    | 21360 ||| INVOKING Heroism.
 21369 | Orc:2    | Reached XP level 17. HP: 59/112 MP: 20/24
 21382 | Orc:2    | 21382 ||| DRINKING 6 potions of curing.
 21382 | Orc:2    | 21382 ||| (to cure confusion)
 21399 | Orc:2    | Reached skill level 11 in Shields
 21481 | Orc:2    | Found Doasiq's General Store.
 21482 | Orc:2    | Found Xesuh's Jewellery Boutique.
 21484 | Orc:2    | Found Manamn's Antique Armour Shop.
 21484 | Orc:2    | Found Xinyal's Antique Weapon Shop.
 21488 | Orc:2    | 21488 ||| BUYING glowing plate armour (806 gold).
 21488 | Orc:2    | Bought a glowing plate armour for 806 gold pieces
 21488 | Orc:2    | 21488 ||| SHOPLISTING shiny plate armour (806 gold, have
                  | 722).
 21498 | Orc:2    | 21498 ||| BUYING potion of curing (36 gold).
 21498 | Orc:2    | Bought a potion of curing for 36 gold pieces
 21498 | Orc:2    | 21498 ||| BUYING potion of heal wounds (60 gold).
 21498 | Orc:2    | Bought a potion of heal wounds for 60 gold pieces
 21500 | Orc:2    | 21500 ||| BUYING +5 ring of evasion (432 gold).
 21500 | Orc:2    | Bought a +5 ring of evasion for 432 gold pieces
 21500 | Orc:2    | 21500 ||| SHOPLISTING ring of ice (300 gold, have 194).
 21507 | Orc:2    | 21507 ||| Stepping ~*~*~tactically~*~*~ (stealth).
 21508 | Orc:2    | 21508 ||| Stepping ~*~*~tactically~*~*~ (stealth).
 21510 | Orc:2    | 21510 ||| Stepping ~*~*~tactically~*~*~ (stealth).
 21603 | Orc:2    | 21603 ||| DROPPING +0 plate armour of positive energy.
 21604 | Orc:2    | 21604 ||| UPGRADING to +5 ring of evasion.
 21606 | Orc:2    | 21606 ||| DROPPING +4 ring of protection.
 21630 | Orc:1    | 21630 ||| Stepping ~*~*~tactically~*~*~ (stealth).
 21635 | Orc:1    | 21635 ||| Stepping ~*~*~tactically~*~*~ (stealth).
 21636 | Orc:1    | 21636 ||| Stepping ~*~*~tactically~*~*~ (stealth).
 22074 | Orc:2    | 22074 ||| PLANNING SWAMP:1-3
 22233 | Swamp:1  | Entered Level 1 of the Swamp
 22236 | Swamp:1  | 22236 ||| INVOKING Heroism.
 22241 | Swamp:1  | 22241 ||| SWAPPING to +2 hand axe of flaming.
 22296 | Swamp:1  | 22296 ||| INVOKING Finesse.
 22311 | Swamp:1  | 22311 ||| INVOKING Heroism.
 22344 | Swamp:1  | 22344 ||| Stepping ~*~*~tactically~*~*~ (cloud).
 22355 | Swamp:1  | Reached skill level 12 in Shields
 22393 | Swamp:1  | 22393 ||| UPGRADING to +4 broad axe of freezing.
 22425 | Swamp:1  | 22425 ||| Stepping ~*~*~tactically~*~*~ (hiding).
 22540 | Swamp:1  | 22540 ||| Stepping ~*~*~tactically~*~*~ (hiding).
 22549 | Swamp:1  | 22549 ||| INVOKING Heroism.
 22585 | Swamp:1  | 22585 ||| INVOKING Heroism.
 22600 | Swamp:1  | 22600 ||| SWAPPING to +2 hand axe of flaming.
 22609 | Swamp:1  | 22609 ||| UPGRADING to +4 broad axe of freezing.
 22622 | Swamp:1  | 22622 ||| Stepping ~*~*~tactically~*~*~ (stealth).
 22624 | Swamp:1  | 22624 ||| Stepping ~*~*~tactically~*~*~ (hiding).
 22907 | Swamp:1  | 22907 ||| INVOKING Heroism.
 22913 | Swamp:1  | 22913 ||| SWAPPING to +2 hand axe of flaming.
 22931 | Swamp:1  | 22931 ||| UPGRADING to +4 broad axe of freezing.
 22962 | Swamp:1  | Reached skill level 13 in Shields
 22962 | Swamp:1  | 22962 ||| Stepping ~*~*~tactically~*~*~ (hiding).
 23225 | Swamp:2  | 23225 ||| Stepping ~*~*~tactically~*~*~ (hiding).
 23227 | Swamp:2  | 23227 ||| Stepping ~*~*~tactically~*~*~ (hiding).
 23229 | Swamp:2  | 23229 ||| Stepping ~*~*~tactically~*~*~ (hiding).
 23230 | Swamp:2  | 23230 ||| INVOKING Heroism.
 23238 | Swamp:2  | Received a gift from Okawaru
 23239 | Swamp:2  | 23239 ||| Stepping ~*~*~tactically~*~*~ (stealth).
 23365 | Swamp:2  | 23365 ||| INVOKING Heroism.
 23508 | Swamp:2  | 23508 ||| Stepping ~*~*~tactically~*~*~ (stealth).
 23531 | Swamp:2  | 23531 ||| INVOKING Heroism.
 23551 | Swamp:2  | 23551 ||| Stepping ~*~*~tactically~*~*~ (hiding).
 23555 | Swamp:2  | 23555 ||| INVOKING Finesse.
 23568 | Swamp:2  | Reached skill level 14 in Shields
 23581 | Swamp:2  | 23581 ||| Stepping ~*~*~tactically~*~*~ (stealth).
 23620 | Swamp:2  | 23620 ||| Stepping ~*~*~tactically~*~*~ (stealth).
 23622 | Swamp:2  | 23622 ||| INVOKING Heroism.
 23629 | Swamp:2  | 23629 ||| Stepping ~*~*~tactically~*~*~ (hiding).
 23848 | Swamp:2  | 23848 ||| UPGRADING to +1 cloak.
 23858 | Swamp:2  | 23858 ||| DROPPING +0 cloak.
 23937 | Swamp:3  | Noticed a tentacled monstrosity
 23938 | Swamp:3  | 23938 ||| Stepping ~*~*~tactically~*~*~ (hiding).
 23940 | Swamp:3  | 23940 ||| Stepping ~*~*~tactically~*~*~ (hiding).
 23942 | Swamp:3  | 23942 ||| INVOKING Heroism.
 23943 | Swamp:3  | 23943 ||| INVOKING Finesse.
 23947 | Swamp:3  | Killed a tentacled monstrosity
 23987 | Swamp:3  | 23987 ||| Stepping ~*~*~tactically~*~*~ (cloud).
 24075 | Swamp:3  | Noticed Louise
 24079 | Abyss:3  | Found a corrupted altar of Lugonu.
 24079 | Abyss:3  | Cast into level 3 of the Abyss (Louise)
 24112 | Abyss:3  | Found a corrupted altar of Lugonu.
 24128 | Abyss:3  | 24128 ||| Stepping ~*~*~tactically~*~*~ (stealth).
 24145 | Abyss:3  | 24145 ||| Stepping ~*~*~tactically~*~*~ (stealth).
 24147 | Abyss:3  | 24147 ||| Stepping ~*~*~tactically~*~*~ (stealth).
 24148 | Abyss:3  | 24148 ||| Stepping ~*~*~tactically~*~*~ (stealth).
 24149 | Abyss:3  | 24149 ||| Stepping ~*~*~tactically~*~*~ (stealth).
 24150 | Abyss:3  | 24150 ||| Stepping ~*~*~tactically~*~*~ (stealth).
 24172 | Abyss:3  | Noticed a tentacled starspawn
 24173 | Abyss:3  | 24173 ||| Stepping ~*~*~tactically~*~*~ (hiding).
 24174 | Abyss:3  | 24174 ||| Stepping ~*~*~tactically~*~*~ (hiding).
 24183 | Abyss:3  | Killed a tentacled starspawn
 24184 | Abyss:3  | Reached skill level 15 in Shields
 24201 | Abyss:3  | 24201 ||| Stepping ~*~*~tactically~*~*~ (stealth).
 24209 | Abyss:3  | Paralysed by accursed screaming for 1 turns
 24217 | Abyss:3  | Paralysed by accursed screaming for 1 turns
 24224 | Abyss:3  | 24224 ||| INVOKING Heroism.
 24265 | Abyss:3  | Noticed a tentacled starspawn
 24266 | Abyss:3  | 24266 ||| Stepping ~*~*~tactically~*~*~ (stealth).
 24269 | Abyss:3  | Found a shimmering altar of Xom.
 24270 | Abyss:3  | Found a shimmering altar of Xom.
 24270 | Abyss:3  | Found a shimmering altar of Xom.
 24270 | Abyss:3  | Found a shimmering altar of Xom.
 24270 | Abyss:3  | Found a corrupted altar of Lugonu.
 24270 | Abyss:3  | Found a shimmering altar of Xom.
 24279 | Abyss:3  | Found a shimmering altar of Xom.
 24279 | Abyss:3  | Found a shimmering altar of Xom.
 24279 | Abyss:3  | Found a shimmering altar of Xom.
 24280 | Abyss:3  | Found a shimmering altar of Xom.
 24280 | Abyss:3  | Found a shimmering altar of Xom.
 24280 | Abyss:3  | Found a shimmering altar of Xom.
 24319 | Abyss:3  | 24319 ||| Stepping ~*~*~tactically~*~*~ (hiding).
 24335 | Abyss:3  | 24335 ||| Stepping ~*~*~tactically~*~*~ (stealth).
 24338 | Abyss:3  | 24338 ||| Stepping ~*~*~tactically~*~*~ (stealth).
 24364 | Abyss:3  | 24364 ||| Stepping ~*~*~tactically~*~*~ (stealth).
 24395 | Abyss:3  | 24395 ||| Stepping ~*~*~tactically~*~*~ (stealth).
 24397 | Abyss:3  | 24397 ||| Stepping ~*~*~tactically~*~*~ (hiding).
 24405 | Abyss:3  | 24405 ||| Stepping ~*~*~tactically~*~*~ (stealth).
 24406 | Abyss:3  | 24406 ||| Stepping ~*~*~tactically~*~*~ (stealth).
 24407 | Abyss:3  | 24407 ||| Stepping ~*~*~tactically~*~*~ (stealth).
 24408 | Abyss:3  | 24408 ||| Stepping ~*~*~tactically~*~*~ (stealth).
 24409 | Abyss:3  | 24409 ||| Stepping ~*~*~tactically~*~*~ (stealth).
 24421 | Abyss:3  | Paralysed by you for 5 turns
 24463 | Abyss:3  | 24463 ||| Stepping ~*~*~tactically~*~*~ (stealth).
 24465 | Abyss:3  | 24465 ||| Stepping ~*~*~tactically~*~*~ (stealth).
 24469 | Abyss:3  | 24469 ||| INVOKING Heroism.
 24479 | Abyss:3  | Received a gift from Okawaru
 24484 | Abyss:3  | 24484 ||| Stepping ~*~*~tactically~*~*~ (stealth).
 24496 | Abyss:3  | 24496 ||| Stepping ~*~*~tactically~*~*~ (stealth).
 24514 | Abyss:3  | 24514 ||| Stepping ~*~*~tactically~*~*~ (hiding).
 24524 | Abyss:3  | 24524 ||| Stepping ~*~*~tactically~*~*~ (stealth).
 24525 | Abyss:3  | 24525 ||| Stepping ~*~*~tactically~*~*~ (hiding).
 24526 | Abyss:3  | 24526 ||| Stepping ~*~*~tactically~*~*~ (hiding).
 24530 | Abyss:3  | 24530 ||| Stepping ~*~*~tactically~*~*~ (hiding).
 24551 | Swamp:3  | Escaped the Abyss
 24553 | Swamp:3  | 24553 ||| INVOKING Heroism.
 24557 | Swamp:3  | 24557 ||| SWAPPING to +2 hand axe of flaming.
 24566 | Swamp:3  | Reached skill level 16 in Shields
 24566 | Swamp:3  | Received a gift from Okawaru
 24588 | Swamp:3  | Reached XP level 18. HP: 96/118 MP: 25/25
 24597 | Swamp:3  | 24597 ||| INVOKING Heroism.
 24623 | Swamp:3  | Killed Louise
 24627 | Swamp:3  | 24627 ||| UPGRADING to +4 broad axe of freezing.
 24628 | Swamp:3  | 24628 ||| DROPPING +2 hand axe of flaming.
 24738 | Swamp:3  | 24738 ||| Stepping ~*~*~tactically~*~*~ (hiding).
 24739 | Swamp:3  | 24739 ||| INVOKING Heroism.
 24849 | Swamp:3  | 24849 ||| INVOKING Heroism.
 24987 | Swamp:3  | 24987 ||| PLANNING SNAKE:1-3
 25081 | Snake:1  | Entered Level 1 of the Snake Pit
 25122 | Snake:1  | Received a gift from Okawaru
 25151 | Snake:1  | 25151 ||| Stepping ~*~*~tactically~*~*~ (hiding).
 25153 | Snake:1  | 25153 ||| Stepping ~*~*~tactically~*~*~ (hiding).
 25154 | Snake:1  | 25154 ||| Stepping ~*~*~tactically~*~*~ (hiding).
 25169 | Snake:1  | Found an ancient bone altar of Kikubaaqudgha.
 25206 | Snake:1  | 25206 ||| Stepping ~*~*~tactically~*~*~ (hiding).
 25213 | Snake:1  | 25213 ||| Stepping ~*~*~tactically~*~*~ (hiding).
 25371 | Snake:1  | Reached skill level 17 in Shields
 25429 | Snake:1  | 25429 ||| Stepping ~*~*~tactically~*~*~ (hiding).
 25462 | Snake:1  | Received a gift from Okawaru
 25479 | Snake:1  | Received a gift from Okawaru
 25594 | Snake:1  | 25594 ||| DROPPING +0 broad axe of flaming.
 25615 | Snake:1  | 25615 ||| Stepping ~*~*~tactically~*~*~ (hiding).
 25620 | Snake:1  | 25620 ||| Stepping ~*~*~tactically~*~*~ (hiding).
 25776 | Snake:1  | 25776 ||| READING scroll of enchant armour.
 25776 | Snake:1  | 25776 ||| ENCHANTING +1 helmet.
 25960 | Snake:1  | 25960 ||| UPGRADING to +0 tower shield of protection.
 25970 | Snake:1  | 25970 ||| DROPPING +0 tower shield.
 26035 | Snake:2  | 26035 ||| INVOKING Heroism.
 26041 | Snake:2  | Reached skill level 18 in Shields
 26055 | Snake:2  | Reached skill level 15 in Fighting
 26096 | Snake:2  | 26096 ||| FLEEEEING.
 26097 | Snake:2  | 26097 ||| STAIRDANCE
 26101 | Snake:2  | 26101 ||| INVOKING Heroism.
 26104 | Snake:2  | 26104 ||| Stepping ~*~*~tactically~*~*~ (hiding).
 26226 | Snake:2  | 26226 ||| Stepping ~*~*~tactically~*~*~ (hiding).
 26227 | Snake:2  | 26227 ||| Stepping ~*~*~tactically~*~*~ (hiding).
 26229 | Snake:2  | 26229 ||| Stepping ~*~*~tactically~*~*~ (hiding).
 26313 | Snake:2  | 26313 ||| INVOKING Heroism.
 26325 | Snake:2  | Identified the +1 broad axe "Erchoc" {vamp, Str+2 Dex+3}
                  | (Okawaru gifted it to you on level 2 of the Snake Pit)
 26325 | Snake:2  | Received a gift from Okawaru
 26330 | Snake:2  | 26330 ||| UPGRADING to +1 broad axe "Erchoc" {vamp, Str+2
                  | Dex+3}.
 26439 | Snake:2  | 26439 ||| Stepping ~*~*~tactically~*~*~ (stealth).
 26441 | Snake:2  | 26441 ||| INVOKING Heroism.
 26465 | Snake:2  | 26465 ||| Stepping ~*~*~tactically~*~*~ (stealth).
 26468 | Snake:2  | 26468 ||| Stepping ~*~*~tactically~*~*~ (stealth).
 26470 | Snake:2  | 26470 ||| Stepping ~*~*~tactically~*~*~ (hiding).
 26472 | Snake:2  | 26472 ||| Stepping ~*~*~tactically~*~*~ (hiding).
 26473 | Snake:2  | 26473 ||| Stepping ~*~*~tactically~*~*~ (hiding).
 26487 | Snake:2  | 26487 ||| INVOKING Heroism.
 26494 | Snake:2  | 26494 ||| Stepping ~*~*~tactically~*~*~ (stealth).
 26503 | Snake:2  | 26503 ||| Stepping ~*~*~tactically~*~*~ (stealth).
 26539 | Snake:2  | 26539 ||| Stepping ~*~*~tactically~*~*~ (stealth).
 26540 | Snake:2  | 26540 ||| Stepping ~*~*~tactically~*~*~ (stealth).
 26543 | Snake:2  | 26543 ||| INVOKING Heroism.
 26593 | Snake:2  | 26593 ||| Stepping ~*~*~tactically~*~*~ (stealth).
 26654 | Snake:2  | 26654 ||| INVOKING Heroism.
 26689 | Snake:2  | 26689 ||| Stepping ~*~*~tactically~*~*~ (hiding).
 26851 | Snake:2  | 26851 ||| Stepping ~*~*~tactically~*~*~ (hiding).
 26923 | Snake:2  | 26923 ||| Stepping ~*~*~tactically~*~*~ (hiding).
 26924 | Snake:2  | 26924 ||| Stepping ~*~*~tactically~*~*~ (hiding).
 26933 | Snake:2  | 26933 ||| Stepping ~*~*~tactically~*~*~ (hiding).
 27074 | Snake:2  | 27074 ||| Stepping ~*~*~tactically~*~*~ (hiding).
 27235 | Snake:2  | 27235 ||| Stepping ~*~*~tactically~*~*~ (hiding).
 27251 | Snake:2  | Received a gift from Okawaru
 27260 | Snake:2  | 27260 ||| Stepping ~*~*~tactically~*~*~ (hiding).
 27364 | Snake:2  | 27364 ||| DROPPING scarf of shadows.
 27470 | Snake:3  | 27470 ||| Stepping ~*~*~tactically~*~*~ (hiding).
 27628 | Snake:3  | 27628 ||| Stepping ~*~*~tactically~*~*~ (stealth).
 27706 | Snake:3  | 27706 ||| Stepping ~*~*~tactically~*~*~ (hiding).
 27717 | Snake:3  | Reached XP level 19. HP: 124/124 MP: 26/26
 27717 | Snake:3  | 27717 ||| Stepping ~*~*~tactically~*~*~ (hiding).
 27724 | Snake:3  | 27724 ||| Stepping ~*~*~tactically~*~*~ (hiding).
 27734 | Snake:3  | 27734 ||| INVOKING Heroism.
 27791 | Snake:3  | Reached skill level 9 in Throwing
 27840 | Snake:3  | Noticed Nikola
 27841 | Snake:3  | 27841 ||| INVOKING Heroism.
 27842 | Snake:3  | 27842 ||| Stepping ~*~*~tactically~*~*~ (hiding).
 27846 | Snake:3  | 27846 ||| Stepping ~*~*~tactically~*~*~ (hiding).
 27847 | Snake:3  | 27847 ||| Stepping ~*~*~tactically~*~*~ (hiding).
 27848 | Snake:3  | 27848 ||| INVOKING Finesse.
 27876 | Snake:3  | Killed Nikola
 27909 | Snake:3  | 27909 ||| Stepping ~*~*~tactically~*~*~ (hiding).
 27910 | Snake:3  | 27910 ||| Stepping ~*~*~tactically~*~*~ (hiding).
 27911 | Snake:3  | 27911 ||| Stepping ~*~*~tactically~*~*~ (hiding).
 27979 | Snake:3  | 27979 ||| Stepping ~*~*~tactically~*~*~ (stealth).
 28054 | Snake:3  | 28054 ||| Stepping ~*~*~tactically~*~*~ (stealth).
 28058 | Snake:3  | 28058 ||| Stepping ~*~*~tactically~*~*~ (stealth).
 28061 | Snake:3  | 28061 ||| Stepping ~*~*~tactically~*~*~ (stealth).
 28076 | Snake:3  | 28076 ||| Stepping ~*~*~tactically~*~*~ (hiding).
 28079 | Snake:3  | 28079 ||| Stepping ~*~*~tactically~*~*~ (hiding).
 28082 | Snake:3  | 28082 ||| Stepping ~*~*~tactically~*~*~ (hiding).
 28083 | Snake:3  | 28083 ||| Stepping ~*~*~tactically~*~*~ (hiding).
 28087 | Snake:3  | 28087 ||| INVOKING Heroism.
 28129 | Snake:3  | 28129 ||| Stepping ~*~*~tactically~*~*~ (hiding).
 28135 | Snake:3  | 28135 ||| INVOKING Heroism.
 28240 | Snake:3  | Found Dyegerot's Self-Improvement Boutique.
 28287 | Snake:3  | 28287 ||| Stepping ~*~*~tactically~*~*~ (stealth).
 28290 | Snake:3  | 28290 ||| Stepping ~*~*~tactically~*~*~ (hiding).
 28617 | Snake:3  | 28617 ||| PLANNING SWAMP:4
 28617 | Snake:3  | 28617 ||| READING 14 scrolls of identify.
 28617 | Snake:3  | 28617 ||| IDENTIFYING fuming grey potion
 28618 | Snake:3  | 28618 ||| DROPPING potion of berserk rage.
 28797 | Swamp:4  | Entered Level 4 of the Swamp
 28802 | Swamp:4  | Received a gift from Okawaru
 28806 | Swamp:4  | 28806 ||| Stepping ~*~*~tactically~*~*~ (cloud).
 28839 | Swamp:4  | 28839 ||| Stepping ~*~*~tactically~*~*~ (hiding).
 28841 | Swamp:4  | 28841 ||| Stepping ~*~*~tactically~*~*~ (hiding).
 28980 | Swamp:4  | 28980 ||| INVOKING Heroism.
 29052 | Swamp:4  | 29052 ||| INVOKING Heroism.
 29094 | Swamp:4  | Identified the ring of Xom's Ringing Laughter {rC+ rN+
                  | Str+3 Dex-3}
 29185 | Swamp:4  | Noticed a tentacled monstrosity
 29186 | Swamp:4  | 29186 ||| INVOKING Heroism.
 29191 | Swamp:4  | Killed a tentacled monstrosity
 29213 | Swamp:4  | 29213 ||| Stepping ~*~*~tactically~*~*~ (hiding).
 29222 | Swamp:4  | 29222 ||| INVOKING Heroism.
 29261 | Swamp:4  | 29261 ||| Stepping ~*~*~tactically~*~*~ (stealth).
 29274 | Swamp:4  | Reached skill level 19 in Shields
 29278 | Swamp:4  | 29278 ||| INVOKING Heroism.
 29328 | Swamp:4  | 29328 ||| INVOKING Heroism.
 29353 | Swamp:4  | Received a gift from Okawaru
 29390 | Swamp:4  | 29390 ||| INVOKING Heroism.
 29580 | Swamp:4  | Got a decaying rune of Zot
 29677 | Swamp:4  | 29677 ||| PLANNING VAULTS:1-4
 29677 | Swamp:4  | 29677 ||| DRINKING 2 emerald potions.
 29941 | Vaults:1 | Entered Level 1 of the Vaults
 30012 | Vaults:1 | Reached skill level 6 in Dodging
 30092 | Vaults:1 | 30092 ||| INVOKING Heroism.
 30093 | Vaults:1 | 30093 ||| INVOKING Finesse.
 30192 | Vaults:1 | 30192 ||| Stepping ~*~*~tactically~*~*~ (hiding).
 30193 | Vaults:1 | 30193 ||| Stepping ~*~*~tactically~*~*~ (hiding).
 30194 | Vaults:1 | 30194 ||| Stepping ~*~*~tactically~*~*~ (hiding).
 30210 | Vaults:1 | 30210 ||| FLEEEEING.
 30218 | Vaults:1 | 30218 ||| FLEEEEING.
 30219 | Vaults:1 | 30219 ||| FLEEEEING.
 30220 | Vaults:1 | 30220 ||| FLEEEEING.
 30221 | Vaults:1 | 30221 ||| FLEEEEING.
 30222 | Vaults:1 | 30222 ||| FLEEEEING.
 30225 | Vaults:1 | 30225 ||| FLEEEEING.
 30226 | Vaults:1 | 30226 ||| FLEEEEING.
 30227 | Vaults:1 | 30227 ||| FLEEEEING.
 30228 | Vaults:1 | 30228 ||| FLEEEEING.
 30229 | Vaults:1 | 30229 ||| FLEEEEING.
 30230 | Vaults:1 | 30230 ||| FLEEEEING.
 30231 | Vaults:1 | 30231 ||| FLEEEEING.
 30232 | Vaults:1 | 30232 ||| FLEEEEING.
 30233 | Vaults:1 | 30233 ||| FLEEEEING.
 30234 | Vaults:1 | 30234 ||| FLEEEEING.
 30235 | Vaults:1 | 30235 ||| FLEEEEING.
 30236 | Vaults:1 | 30236 ||| FLEEEEING.
 30237 | Vaults:1 | 30237 ||| FLEEEEING.
 30238 | Vaults:1 | 30238 ||| FLEEEEING.
 30239 | Vaults:1 | 30239 ||| FLEEEEING.
 30240 | Vaults:1 | 30240 ||| FLEEEEING.
 30245 | Vaults:1 | 30245 ||| FLEEEEING.
 30246 | Vaults:1 | 30246 ||| STAIRDANCE
 30348 | D:14     | 30348 ||| UPGRADING to amulet of faith.
 30385 | Vaults:1 | 30385 ||| STAIRDANCE
 30392 | D:14     | 30392 ||| DRINKING 8 potions of curing.
 30392 | D:14     | 30392 ||| (to cure confusion)
 30503 | Vaults:1 | 30503 ||| Stepping ~*~*~tactically~*~*~ (stealth).
 30504 | Vaults:1 | 30504 ||| Stepping ~*~*~tactically~*~*~ (stealth).
 30505 | Vaults:1 | 30505 ||| Stepping ~*~*~tactically~*~*~ (stealth).
 30508 | Vaults:1 | 30508 ||| INVOKING Heroism.
 30509 | Vaults:1 | 30509 ||| INVOKING Finesse.
 30936 | Vaults:1 | 30936 ||| Stepping ~*~*~tactically~*~*~ (stealth).
 31096 | Vaults:1 | 31096 ||| Stepping ~*~*~tactically~*~*~ (hiding).
 31190 | Vaults:1 | 31190 ||| Stepping ~*~*~tactically~*~*~ (hiding).
 31325 | Vaults:1 | Identified the +0 leather armour of Intercession {Will-
                  | Dex+3 SInv}
 31358 | Vaults:1 | 31358 ||| READING scroll labelled LANONYL WOTOMN.
 31465 | Vaults:2 | 31465 ||| Stepping ~*~*~tactically~*~*~ (hiding).
 31466 | Vaults:2 | 31466 ||| Stepping ~*~*~tactically~*~*~ (hiding).
 31469 | Vaults:2 | 31469 ||| Stepping ~*~*~tactically~*~*~ (stealth).
 31519 | Vaults:2 | 31519 ||| Stepping ~*~*~tactically~*~*~ (hiding).
 31521 | Vaults:2 | 31521 ||| Stepping ~*~*~tactically~*~*~ (hiding).
 31561 | Vaults:2 | Found a staircase to the Crypt.
 31581 | Vaults:2 | 31581 ||| INVOKING Heroism.
 31588 | Vaults:2 | Received a gift from Okawaru
 31630 | Vaults:2 | 31630 ||| READING scroll of enchant armour.
 31630 | Vaults:2 | 31630 ||| ENCHANTING +1 cloak.
 31775 | Vaults:2 | Noticed Asterion
 31776 | Vaults:2 | 31776 ||| INVOKING Heroism.
 31777 | Vaults:2 | 31777 ||| INVOKING Finesse.
 31801 | Vaults:2 | Killed Asterion
 31802 | Vaults:2 | Reached XP level 20. HP: 134/134 MP: 21/27
 31856 | Vaults:2 | 31856 ||| Stepping ~*~*~tactically~*~*~ (stealth).
 31859 | Vaults:2 | 31859 ||| Stepping ~*~*~tactically~*~*~ (stealth).
 31871 | Vaults:2 | Noticed Donald
 31888 | Vaults:2 | 31888 ||| INVOKING Heroism.
 31896 | Vaults:2 | Received a gift from Okawaru
 31905 | Vaults:2 | Killed Donald
 32066 | Vaults:2 | Identified the +1 scale mail of Apathy {+Inv rPois Will-
                  | Str+4}
 32166 | Vaults:2 | Reached skill level 15 in Armour
 32166 | Vaults:2 | Received a gift from Okawaru
 32664 | Vaults:2 | Identified the +4 orcbow of Havoc {flame, rPois Int+2}
 32958 | Vaults:3 | 32958 ||| INVOKING Heroism.
 32972 | Vaults:3 | Received a gift from Okawaru
 33006 | Vaults:3 | 33006 ||| Stepping ~*~*~tactically~*~*~ (stealth).
 33040 | Vaults:3 | 33040 ||| Stepping ~*~*~tactically~*~*~ (stealth).
 33113 | Vaults:3 | 33113 ||| Stepping ~*~*~tactically~*~*~ (hiding).
 33192 | Vaults:3 | Found a runed translucent door.
 33192 | Vaults:3 | Noticed qw's ghost (adept GrFi)
 33208 | Vaults:3 | 33208 ||| Stepping ~*~*~tactically~*~*~ (hiding).
 33252 | Vaults:3 | Reached skill level 18 in Fighting
 33432 | Vaults:3 | 33432 ||| Stepping ~*~*~tactically~*~*~ (hiding).
 33455 | Vaults:3 | 33455 ||| Stepping ~*~*~tactically~*~*~ (hiding).
 33471 | Vaults:3 | 33471 ||| INVOKING Heroism.
 33529 | Vaults:3 | 33529 ||| Stepping ~*~*~tactically~*~*~ (hiding).
 33558 | Vaults:3 | Received a gift from Okawaru
 33559 | Vaults:3 | Reached skill level 20 in Shields
 33789 | Vaults:3 | Identified the ring "Tuogriekag" {*Slow rC++ rCorr SInv}
 34153 | Vaults:3 | 34153 ||| Stepping ~*~*~tactically~*~*~ (hiding).
 34222 | Vaults:3 | 34222 ||| Stepping ~*~*~tactically~*~*~ (stealth).
 34231 | Vaults:3 | 34231 ||| INVOKING Heroism.
 34360 | Vaults:3 | 34360 ||| Stepping ~*~*~tactically~*~*~ (hiding).
 34471 | Vaults:3 | 34471 ||| UPGRADING to ring "Tuogriekag" {*Slow rC++ rCorr
                  | SInv}.
 34510 | Vaults:4 | 34510 ||| PLANNING WIZLAB
 34514 | Vaults:4 | 34514 ||| STAIRDANCE
 34516 | Vaults:3 | 34516 ||| DRINKING 9 potions of curing.
 34516 | Vaults:3 | 34516 ||| (to cure confusion)
 34532 | Vaults:3 | Received a gift from Okawaru
 34663 | Vaults:3 | 34663 ||| DROPPING +4 broad axe of freezing.
 34762 | Vaults:4 | 34762 ||| INVOKING Heroism.
 34765 | Vaults:4 | 34765 ||| INVOKING Finesse.
 34864 | Vaults:4 | 34864 ||| Stepping ~*~*~tactically~*~*~ (stealth).
 34866 | Vaults:4 | 34866 ||| Stepping ~*~*~tactically~*~*~ (stealth).
 34871 | Vaults:4 | 34871 ||| Stepping ~*~*~tactically~*~*~ (stealth).
 34876 | Vaults:4 | 34876 ||| Stepping ~*~*~tactically~*~*~ (hiding).
 34878 | Vaults:4 | 34878 ||| Stepping ~*~*~tactically~*~*~ (hiding).
 35035 | Vaults:4 | 35035 ||| Stepping ~*~*~tactically~*~*~ (hiding).
 35036 | Vaults:4 | 35036 ||| Stepping ~*~*~tactically~*~*~ (hiding).
 35055 | Vaults:4 | 35055 ||| INVOKING Heroism.
 35056 | Vaults:4 | 35056 ||| Stepping ~*~*~tactically~*~*~ (stealth).
 35057 | Vaults:4 | 35057 ||| INVOKING Finesse.
 35165 | Vaults:4 | 35165 ||| RIP WIZLAB
 35175 | Vaults:4 | 35175 ||| PLANNING VAULTS:1-4
 35190 | Vaults:4 | Reached XP level 21. HP: 139/142 MP: 28/28
 35219 | Vaults:4 | Identified the +3 helmet "Fuasesokh" {Drain +Inv rN+ Dex+3}
                  | (Okawaru gifted it to you on level 4 of the Vaults)
 35219 | Vaults:4 | Received a gift from Okawaru
 35379 | Vaults:4 | 35379 ||| Stepping ~*~*~tactically~*~*~ (hiding).
 35386 | Vaults:4 | Paralysed by a great orb of eyes for 2 turns
 35389 | Vaults:4 | 35389 ||| Stepping ~*~*~tactically~*~*~ (hiding).
 35392 | Vaults:4 | 35392 ||| INVOKING Heroism.
 35473 | Vaults:4 | 35473 ||| Stepping ~*~*~tactically~*~*~ (hiding).
 35517 | Vaults:4 | 35517 ||| Stepping ~*~*~tactically~*~*~ (stealth).
 35521 | Vaults:4 | 35521 ||| Stepping ~*~*~tactically~*~*~ (hiding).
 35522 | Vaults:4 | 35522 ||| Stepping ~*~*~tactically~*~*~ (hiding).
 35655 | Vaults:4 | 35655 ||| INVOKING Heroism.
 35784 | Vaults:4 | Found Hanlet's Armour Shoppe.
 35813 | Vaults:4 | 35813 ||| BUYING +0 pair of gloves of strength (241 gold).
 35813 | Vaults:4 | Bought a +0 pair of gloves of strength for 241 gold pieces
 36087 | Vaults:4 | 36087 ||| PLANNING SNAKE:4
 36087 | Vaults:4 | 36087 ||| UPGRADING to +3 helmet "Fuasesokh" {Drain +Inv
                  | rN+ Dex+3}.
 36097 | Vaults:4 | 36097 ||| DROPPING +2 helmet.
 36098 | Vaults:4 | 36098 ||| UPGRADING to +0 pair of gloves of strength.
 36108 | Vaults:4 | 36108 ||| DROPPING +2 pair of gloves.
 36109 | Vaults:4 | 36109 ||| DROPPING ring of wizardry.
 36467 | Snake:4  | Entered Level 4 of the Snake Pit
 36637 | Snake:4  | 36637 ||| Stepping ~*~*~tactically~*~*~ (hiding).
 36640 | Snake:4  | 36640 ||| Stepping ~*~*~tactically~*~*~ (stealth).
 36641 | Snake:4  | 36641 ||| Stepping ~*~*~tactically~*~*~ (stealth).
 36642 | Snake:4  | 36642 ||| Stepping ~*~*~tactically~*~*~ (stealth).
 36643 | Snake:4  | 36643 ||| Stepping ~*~*~tactically~*~*~ (stealth).
 36667 | Snake:4  | Found Goryphi's Gadget Gallery.
 36675 | Snake:4  | 36675 ||| BUYING wand of digging (2) (109 gold).
 36675 | Snake:4  | Bought a wand of digging (2) for 109 gold pieces
 36828 | Snake:4  | 36828 ||| Stepping ~*~*~tactically~*~*~ (hiding).
 36854 | Snake:4  | 36854 ||| Stepping ~*~*~tactically~*~*~ (hiding).
 36892 | Snake:4  | Noticed Saint Roka
 36913 | Snake:4  | 36913 ||| INVOKING Heroism.
 36915 | Snake:4  | Identified the +0 pair of gloves of the Nightingale {*Slow
                  | Str+2 Int+5} (Okawaru gifted it to you on level 4 of the
                  | Snake Pit)
 36915 | Snake:4  | Received a gift from Okawaru
 36918 | Snake:4  | HP: 32/144 [salamander mystic/+0 quarterstaff (5)]
 36919 | Snake:4  | 36919 ||| READING 15 scrolls of teleportation.
 36919 | Snake:4  | HP: 15/144 [Saint Roka/divine providence (16)]
 36919 | Snake:4  | HP: 4/144 [anaconda (11)]
 36919 | Snake:4  | Mangled by a naga mage

Levels and vault maps discovered:
D:1:      giann_horns, layout_basic
D:2:      layout_basic, basic_altar, nicolae_hexahallways,
          chequers_hall_statues_y, chequers_serial_rivers_room_b
D:3:      layout_basic, amethyst_overflow_temple_binary,
          mainiacjoe_overflow_cross_hatched, mainiacjoe_overflow_brackets,
          hangedman_abyss_or_decor_stabs
D:4:      layout_basic, gammafunk_ghost_abyssal_escape, kennysheep_path_1
D:5:      layout_gridville, mainiacjoe_overflow_concentric_impassable,
          minmay_temple_entry_poolview, minmay_misc_feat_square
D:6:      layout_loops_ring, mainiacjoe_overflow_alcove_4,
          general_overflow_altar, nicolae_overflow_crystal_walls,
          enter_ossuary_5
D:7:      layout_basic, lemuel_doored_altar, yredelemnul_altar_generic,
          nzn_random_ring
D:8:      layout_loops_ring, enter_bailey_8, serial_park_tiny_pond,
          nicolae_nh_oracle_at_delphi
D:9:      minmay_angry_zag, layout_basic, tgw_sif, tso_oasis_becter
D:10:     lemuel_ogre_cave, layout_loops_corners, erik_lair_orcish_takeover,
          nicolae_looking_at_the_future, uniq_psyche
D:11:     layout_loops_ring
D:12:     layout_loops_ring, erik_orc_1, gauntlet_entry_generic
D:13:     layout_long_grid, serial_undead, serial_undead_b, serial_undead_e,
          serial_undead_f, serial_undead_b, serial_undead_a, serial_undead_e,
          serial_undead_f, serial_undead_d, serial_undead_a, serial_undead_a,
          gammafunk_ghost_nasty_kobolds, guppyfry_shop_earth
D:14:     layout_roguey, grunt_vaults_entry_fortified, nicolae_vehumet_radiance,
          hangedman_incinerator
D:15:     grunt_enter_depths_hoard, layout_basic, serial_shops,
          nicolae_shop_tiny_glass, shop, shop, nemelex_lonely_heart_becter,
          special_room [special_room_mythical_zoo]
Lair:1:   statuecave_lemuel, layout_loops_ring, nicolae_volcano_entry_lava_flow,
          grunt_forest_small_clearing_treed, lemuel_fruit_fields
Lair:2:   layout_chaotic_city, guppyfry_snake_entry_island,
          infiniplex_staircase_pool_2
Lair:3:   layout_hall_layers, nicolae_swamp_entry_splash_gauntlet,
          pdpol_lair_neglected_garden, lemuel_oklob_altar, grunt_megastairs_3
Lair:4:   layout_roguey, columned_hall_lemuel, kennysheep_abandoned_house
Lair:5:   due_jungle_book, layout_regular_city,
          minmay_slime_entry_oklob_enclosed, chequers_serial_rivers_large_a,
          serial_bayou_shore_a, uniq_urug, uniq_nessos
Swamp:1:  layout_falls_marsh, evilmike_swamp_ruin_house_2
Swamp:2:  nzn_winding_woodlands_small [nzn_winding_woodlands_5x15_pockets,
          nzn_winding_woodlands_center_garden,
          nzn_winding_woodlands_5x15_cabin], layout_falls_marsh,
          nicolae_swamp_bean_lake
Swamp:3:  layout_basic_swamp, hangedman_swamp_diagram,
          infiniplex_staircase_pool, uniq_louise
Swamp:4:  swamp, layout_basic_swamp, swamp_pool5, nicolae_swamp_big_swirl
Snake:1:  layout_misc_corridors, basic_altar
Snake:2:  layout_honeycomb, nicolae_snake_herptile_family_reunion
Snake:3:  layout_honeycomb, nicolae_shop_self_help, uniq_nikola
Snake:4:  snake_pit, layout_layer_cave, nicolae_shop_gadgets, uniq_saint_roka
Orc:1:    layout_caves, serial_shops, nicolae_shop_behind_doors, uniq_harold
Orc:2:    st_orc_congregation, layout_diamond_mine, hellmonk_bongcloud_opening,
          mines2_david
Vaults:1: v_rooms_3, nicolae_vaults_diamond_1, v_misc_16, vaults_room_grid,
          nicolae_vaults_asterisk, ontoclasm_vaults_fault,
          nicolae_vaults_three_branches, nicolae_vaults_house_1,
          layout_vaults_omnigrid
Vaults:2: ontoclasm_vaults_gateway, nicolae_vaults_swerve,
          nicolae_vaults_trapezoid_1, minmay_crypt_entry_simple_plaza,
          ontoclasm_vaults_shout, vaults_mumra_chevron_long,
          nicolae_vaults_variable_pillar_hall, nicolae_vaults_network_square,
          ontoclasm_vaults_chip, vaults_dpeg_hooks,
          nicolae_vaults_variable_pillar_hall, nicolae_vaults_sesquioval_fish,
          layout_vaults_omnicross, uniq_donald, uniq_asterion
Vaults:3: gammafunk_ghost_grave, ontoclasm_vaults_ring_small,
          nicolae_vaults_lightning_bolt, nicolae_vaults_apartment_2,
          nicolae_vaults_little_squares_6, v_misc_28,
          nicolae_vaults_wine_cellar, nicolae_vaults_antechamber_and_loot_room,
          vaults_room_fours, nicolae_vaults_two_Ls, nicolae_vaults_asterisk,
          nicolae_vaults_sesquioval_fish, layout_vaults_big_room
Vaults:4: infiniplex_enter_wizlab_glasses, nicolae_vaults_network_s,
          vaults_dpeg_encased_lava, hangedman_vaults_corner_blocks,
          nicolae_vaults_stairing_the_circle, nicolae_vaults_steering_wheel,
          nicolae_vaults_tetromino_Z_2, v_misc_33,
          nicolae_vaults_variable_pillar_hall, nicolae_vaults_minivaults,
          nicolae_vaults_tangram_2, v_misc_30,
          nicolae_vaults_trapezoid_lopsided_3,
          nicolae_vaults_taking_the_gang_shopping, layout_vaults_omnibox

Skill      XL: |  1  2  3  4  5  6  7  8  9 10 11 12 13 14 15 16 17 18 19 20 21 |
---------------+----------------------------------------------------------------+-----
Axes           | 2 3 4 5 6 8 9 11 12 13 15 16 17 18 | 18.0
Fighting       | 4 5 7 8 9 10 11 12 13 14 15 17 18 19 | 19.0
Throwing       | 1 2 3 4 6 7 8 9 10 11 | 11.0
Invocations    | 3 4 8 10 | 10.0
Armour         | 4 6 8 9 10 11 12 13 14 16 | 16.1
Dodging        | 1 2 3 4 5 6 7 8 |  8.0
Shields        | 4 5 6 7 8 10 16 18 19 20 | 20.3

Action                     |  1- 3 |  4- 6 |  7- 9 | 10-12 | 13-15 | 16-18 | 19-21 || total
---------------------------+-------+-------+-------+-------+-------+-------+-------++-------
  Melee: War axe           |    99 |   133 |   302 |   697 |   316 |       |       ||  1547
         Morningstar       |       |       |       |       |    97 |       |       ||    97
         Broad axe         |       |       |       |       |   738 |  1596 |  1708 ||  4042
         Hand axe          |       |       |       |       |       |   214 |       ||   214
  Throw: Javelin           |       |    12 |    73 |    50 |   177 |    90 |    96 ||   498
         Boomerang         |       |     3 |    24 |    56 |    92 |    99 |     7 ||   281
 Invoke: Heroism           |       |     1 |     9 |    15 |    31 |    37 |    24 ||   117
         Finesse           |       |       |       |       |     9 |     5 |     6 ||    20
    Use: Scroll            |     4 |     4 |     9 |     6 |     7 |     4 |     4 ||    38
         Potion            |       |     2 |     1 |     1 |     1 |     1 |     3 ||     9
   Stab: Confused          |       |       |       |       |     1 |       |     2 ||     3
 Armour: Scale mail        |    21 |       |       |       |       |       |       ||    21
         Chain mail        |    46 |     4 |       |   382 |   685 |   556 |   832 ||  2505
         Plate armour      |       |   111 |   195 |    71 |       |       |       ||   377
         Skin              |       |     1 |       |     7 |       |       |       ||     8
  Dodge: Dodged            |    49 |    34 |    82 |   256 |   366 |   650 |  1133 ||  2570
  Block: Buckler           |    20 |    25 |    54 |   150 |   271 |   202 |       ||   722
         Tower shield      |       |       |       |       |       |  1229 |  1872 ||  3101
         Reflection        |       |       |       |       |       |    78 |    28 ||   106

Table legend:
 A = Non-vault XP
 B = Vault XP
 C = Vault XP percentage of total XP
 D = Non-vault monster count
 E = Vault monster count
 F = Vault count percentage of total count
                 A         B        C        D         E       F
            +---------+---------+-------+---------+---------+-------
      Total |  353453 |  196912 |  35.8 |     946 |     502 |  34.7
            +---------+---------+-------+---------+---------+-------
        D:1 |      19 |       0 |   0.0 |      11 |       0 |   0.0
        D:2 |      58 |       0 |   0.0 |      12 |       0 |   0.0
        D:3 |      32 |       0 |   0.0 |      12 |       0 |   0.0
        D:4 |     303 |       0 |   0.0 |      26 |       0 |   0.0
        D:5 |     498 |       0 |   0.0 |      15 |       0 |   0.0
        D:6 |     809 |       0 |   0.0 |      19 |       0 |   0.0
        D:7 |    1980 |    1633 |  45.2 |      31 |      18 |  36.7
        D:8 |     410 |     260 |  38.8 |       7 |       2 |  22.2
        D:9 |    1527 |     411 |  21.2 |      17 |       5 |  22.7
       D:10 |    4957 |    9450 |  65.6 |      25 |      42 |  62.7
       D:11 |    3548 |       0 |   0.0 |      15 |       0 |   0.0
       D:12 |    5617 |     590 |   9.5 |      20 |      17 |  45.9
       D:13 |    6229 |   11847 |  65.5 |      19 |      29 |  60.4
       D:14 |    9863 |    6900 |  41.2 |      27 |      17 |  38.6
       D:15 |    6691 |    6051 |  47.5 |      13 |      27 |  67.5
     Lair:1 |    9400 |       0 |   0.0 |      35 |       0 |   0.0
     Lair:2 |   12374 |     323 |   2.5 |      38 |       2 |   5.0
     Lair:3 |    8680 |    2151 |  19.9 |      28 |      10 |  26.3
     Lair:4 |   12732 |     548 |   4.1 |      41 |      13 |  24.1
     Lair:5 |   22835 |   18273 |  44.5 |      53 |      31 |  36.9
    Swamp:1 |   17574 |       0 |   0.0 |      35 |       0 |   0.0
    Swamp:2 |    6887 |    8790 |  56.1 |      12 |      15 |  55.6
    Swamp:3 |   12308 |    1227 |   9.1 |      21 |       1 |   4.5
    Swamp:4 |    8065 |   17469 |  68.4 |      12 |      30 |  71.4
    Snake:1 |   18093 |       0 |   0.0 |      39 |       0 |   0.0
    Snake:2 |   25876 |   16851 |  39.4 |      55 |      26 |  32.1
    Snake:3 |   18186 |    2253 |  11.0 |      36 |       1 |   2.7
    Snake:4 |   11531 |    3932 |  25.4 |      26 |      11 |  29.7
      Orc:1 |    1967 |     892 |  31.2 |      48 |       1 |   2.0
      Orc:2 |    1202 |   10345 |  89.6 |      14 |      76 |  84.4
   Vaults:1 |   21192 |    5608 |  20.9 |      30 |       8 |  21.1
   Vaults:2 |   23041 |   17537 |  43.2 |      30 |      21 |  41.2
   Vaults:3 |   32719 |   15410 |  32.0 |      44 |      19 |  30.2
   Vaults:4 |   28363 |   32866 |  53.7 |      41 |      36 |  46.8
    Abyss:3 |   17887 |       0 |   0.0 |      39 |       0 |   0.0
    Ossuary |       0 |     249 | 100.0 |       0 |      32 | 100.0
   Gauntlet |       0 |    5046 | 100.0 |       0 |      12 | 100.0
            +---------+---------+-------+---------+---------+-------
